 Dungeon Crawl Stone Soup version 0.31-a0-799-g6bc09d0 (webtiles) character file.

Game seed: 7906833965688631506

21402521 WinterFox the Bringer of Law (level 27, 249/249 HPs)
             Began as a Barachi Hexslinger on Sept 19, 2023.
             Was the Champion of Zin.
             Escaped with the Orb
             ... and 15 runes!
             The game lasted 04:37:29 (70943 turns).

WinterFox the Bringer of Law (Barachi Hexslinger)  Turns: 70943, Time: 04:37:29

Health: 249/249    AC: 20    Str: 21    XL:     27
Magic:  69/71      EV: 49    Int: 32    God:    Zin [******]
Gold:   5890       SH:  0    Dex: 35    Spells: 24/68 levels left

rFire   + + .        a - +9 triple crossbow (holy)
rCold   + + .        (shield currently unavailable)
rNeg    + + +        U - +5 moon troll leather armour {Spirit, Regen++ MP+5}
rPois   ∞            S - +0 helmet of Mumblety Peg {MP+9 Str+4 SInv}
rElec   +            O - scarf of Compassion {rC+ rF+, Dex+4 Slay+2 SInv}
rCorr   +            D - +2 pair of gloves "Goylettun" {Harm rPois Int+3 Dex+2}
SInv    +            M - +1 pair of boots "Osatidgh" {rCorr Dex-3 Slay+4 SInv}
Will    +++..        n - amulet "Xehadwiytz" {RegenMP rElec rN++ Regen+ Str-3}
Stlth   ++           R - ring of Ekhloeno {Drain rN+ MP+9 EV+5 Stlth+}
HPRegen 3.01/turn    B - ring of Xom's Best Wishes {rPois rF+ rC+ Slay+2}
MPRegen 0.82/turn

%: harm (+30% outgoing, +20% incoming), guardian spirit
@: vitalised, studying 3 skills, slow
A: amphibious, slowness 1, strong legs 2, +LOS, clever 1, strong-willed 1, wild
magic 1
0: Orb of Zot
}: 15/15 runes: decaying, serpentine, slimy, silver, golden, iron, obsidian,
icy, bone, abyssal, demonic, glowing, magical, fiery, dark
a: Hop, Renounce Religion, Recite, Vitalisation, Imprison, Sanctuary, Donate
Gold


You escaped.
You worshipped Zin.
Zin was exalted by your worship.
You visited 18 branches of the dungeon, and saw 88 of its levels.
You visited Pandemonium 1 time, and saw 19 of its levels.
You visited the Abyss 1 time.
You also visited: Bailey, Gauntlet, Ice Cave and Desolation.

You collected 11755 gold pieces.
You spent 5616 gold pieces at shops.
You donated 249 gold pieces to Zin.

Inventory:

Hand Weapons
 a - a +9 triple crossbow of holy wrath (weapon)
 C - the +27 heavy crossbow "Sniper" {heavy, Acc+∞ SInv}
   (Okawaru gifted it to you on level 1 of the Swamp)

   Acc+∞: It never misses its target.
   SInv:      It lets you see invisible.
Armour
 D - the +2 pair of gloves "Goylettun" (worn) {Harm rPois Int+3 Dex+2}
   (Okawaru gifted it to you on level 3 of the Lair of Beasts)

   Int+3:     It affects your intelligence (+3).
   Dex+2:     It affects your dexterity (+2).
   rPois:     It protects you from poison Harm: It increases damage dealt and
   taken.
 K - the +2 pair of slick slippers {slick, slippery, EV+4}
   (You acquired it on level 5 of the Vaults)

   Slick:     Its wearer cannot be constricted, engulfed, netted or webbed.
   Slippery:  Its wearer slips away from damaging melee attacks, pulling the
   attacker onward.
   EV+4:      It affects your evasion (+4).
 M - the +1 pair of boots "Osatidgh" (worn) {rCorr Dex-3 Slay+4 SInv}
   (You found it in a Gauntlet)

   Dex-3:     It affects your dexterity (-3).
   Slay+4:    It affects your accuracy & damage with ranged weapons and melee
   (+4).
   SInv:      It lets you see invisible.
   rCorr:     It protects you from acid and corrosion.
 O - the scarf of Compassion (worn) {rC+ rF+, Dex+4 Slay+2 SInv}
   (You found it in the Desolation of Salt)

   Dex+4:     It affects your dexterity (+4).
   Slay+2:    It affects your accuracy & damage with ranged weapons and melee
   (+2).
   SInv:      It lets you see invisible.
 S - the +0 helmet of Mumblety Peg (worn) {MP+9 Str+4 SInv}
   (You bought it in a shop on level 3 of the Dungeon)

   Str+4:     It affects your strength (+4).
   MP+9:      It affects your magic capacity (+9).
   SInv:      It lets you see invisible.
 U - the +5 moon troll leather armour (worn) {Spirit, Regen++ MP+5}
   (You bought it in a shop on level 2 of the Orcish Mines)

   MP+5:      It affects your magic capacity (+5).
   Regen++:   It increases your rate of health regeneration.
Jewellery
 f - a ring of protection from fire
 h - the amulet "Kaessirch" {Acrobat Will++ Str-5}
   (You found it in the Desolation of Salt)

   [amulet of the acrobat]

   Acrobat:   It increases your evasion while moving and waiting.
   Str-5:     It affects your strength (-5).
   Will++:    It greatly increases your willpower.
 n - the amulet "Xehadwiytz" (around neck) {RegenMP rElec rN++ Regen+ Str-3}
   (You found it in the Desolation of Salt)

   [amulet of magic regeneration]

   RegenMP:   It increases your rate of magic regeneration.
   Str-3:     It affects your strength (-3).
   rElec:     It insulates you from electricity.
   rN++:      It greatly protects you from negative energy.
   Regen+:    It increases your rate of health regeneration.
 r - the dreamshard necklace {Acrobat *Dream}
   (You found it on level 1 of the Snake Pit)

   [amulet of the acrobat]

   *Dream:    It absorbs a single lethal wound into itself, holding its wearer
   just short of death and releasing dream-creatures to guard them.
   Acrobat:   It increases your evasion while moving and waiting.
 t - the ring "Tecs" {Drain Int+7 SInv}
   (You found it on level 7 of Cocytus)

   [ring of see invisible]

   Int+7:     It affects your intelligence (+7).
   SInv:      It lets you see invisible.
   Drain:     It drains your maximum health when unequipped.
 B - the ring of Xom's Best Wishes (right hand) {rPois rF+ rC+ Slay+2}
   (You found it in the Desolation of Salt)

   [ring of protection from cold]

   Slay+2:    It affects your accuracy & damage with ranged weapons and melee
   (+2).
   rF+:       It protects you from fire.
   rC+:       It protects you from cold.
   rPois:     It protects you from poison
 E - an amulet of magic regeneration
 I - a ring of resist corrosion
 J - the ring "Keimaduj" {rPois Dex+6 SInv}
   (You found it on level 2 of the Snake Pit)

   [ring of dexterity]

   Dex+6:     It affects your dexterity (+6).
   rPois:     It protects you from poison SInv: It lets you see invisible.
 P - a ring of protection from cold
 R - the ring of Ekhloeno (left hand) {Drain rN+ MP+9 EV+5 Stlth+}
   (You took it off a deep elf death mage on level 3 of the Elven Halls)

   [ring of evasion]

   EV+5:      It affects your evasion (+5).
   rN+:       It protects you from negative energy.
   MP+9:      It affects your magic capacity (+9).
   Drain:     It drains your maximum health when unequipped.
   Stlth+:    It makes you more stealthy.
 V - the ring "Fesoni" {rPois rC+ EV+5 Dex+3}
   (You found it on level 5 of the Vaults)

   [ring of evasion]

   EV+5:      It affects your evasion (+5).
   Dex+3:     It affects your dexterity (+3).
   rC+:       It protects you from cold.
   rPois:     It protects you from poison
 Z - the ring "Peoch" {+Blink MP-9 AC+4 SInv}
   (You found it on level 2 of the Lair of Beasts)

   [ring of protection]

   AC+4:      It affects your AC (+4).
   MP-9:      It affects your magic capacity (-9).
   SInv:      It lets you see invisible.
   +Blink:    It lets you blink.
Wands
 p - a wand of iceblast (85)
 y - a wand of digging (48)
 N - a wand of quicksilver (68)
Scrolls
 b - 6 scrolls of amnesia
 d - 3 scrolls of revelation
 j - 13 scrolls of fog
 k - 8 scrolls of vulnerability
 l - 21 scrolls of teleportation
 m - 8 scrolls of blinking
 q - 13 scrolls of fear
 s - 6 scrolls of summoning
 x - a scroll of brand weapon
 L - 14 scrolls of poison
 W - 9 scrolls of enchant armour
 X - 7 scrolls of immolation
Potions
 e - 7 potions of invisibility
 g - 11 potions of might
 i - 26 potions of curing
 o - 10 potions of brilliance
 u - 8 potions of haste
 v - 4 potions of mutation
 z - 7 potions of magic
 F - 8 potions of heal wounds
 G - 6 potions of resistance
 H - 4 potions of cancellation
 Y - 4 potions of ambrosia
Miscellaneous
 c - a lightning rod (4/4)
 w - a figurine of a ziggurat
 A - a tin of tremorstones (2/2)
 Q - a phantom mirror
 T - a sack of spiders


   Skills:
 O Level 27 Fighting
 O Level 27 Ranged Weapons
 + Level 25.2 Armour
 + Level 24.5 Dodging
 - Level 5.0 Stealth
 - Level 21.0 Spellcasting
 - Level 24.0 Hexes
 - Level 24.0 Translocations
 - Level 10.0 Transmutations
 - Level 3.0 Fire Magic
 O Level 27 Invocations
 - Level 10.0 Evocations


You had 24 spell levels left.
You knew the following spells:

 Your Spells              Type           Power      Damage    Failure   Level
b - Inner Flame           Hex/Fire       100%       N/A       1%          3
c - Cause Fear            Hex            63%        N/A       1%          4
d - Dimensional Bullseye  Hex/Tloc       63%        N/A       1%          4
e - Volatile Blastmotes   Fire/Tloc      100%       2d18      1%          3
g - Enfeeble              Hex            63%        N/A       1%          7
h - Discord               Hex            63%        N/A       1%          8
i - Dispersal             Tloc           63%        N/A       1%          6
j - Disjunction           Tloc           63%        N/A       1%          8
q - Apportation           Tloc           100%       N/A       1%          1

Your spell library contained the following spells:

 Spells                   Type           Power      Damage    Failure   Level
 Foxfire                  Conj/Fire      100%       2x1d9     1%          1
 Slow                     Hex            100%       N/A       1%          1
 Blink                    Tloc           100%       N/A       1%          2
 Ensorcelled Hibernation  Hex/Ice        100%       N/A       1%          2
 Jinxbite                 Hex            100%       N/A       1%          2
 Lesser Beckoning         Tloc           100%       N/A       1%          2
 Momentum Strike          Conj/Tloc      100%       3d10      1%          2
 Passwall                 Tmut/Erth      59%        N/A       1%          2
 Scorch                   Fire           100%       2d9       1%          2
 Wereblood                Tmut           91%        N/A       1%          2
 Confusing Touch          Hex            100%       N/A       1%          3
 Dazzling Flash           Conj/Hex       100%       N/A       1%          3
 Gell's Gravitas          Tloc           100%       N/A       1%          3
 Ignite Poison            Fire/Tmut/Pois 68%        N/A       1%          3
 Sigil of Binding         Hex            100%       N/A       1%          3
 Summon Guardian Golem    Hex/Summ       97%        N/A       1%          3
 Teleport Other           Tloc           100%       N/A       1%          3
 Anguish                  Hex/Necr       48%        N/A       1%          4
 Fulminant Prism          Conj/Hex       48%        3d20      1%          4
 Iskenderun's Mystic Bla  Conj/Tloc      97%        2d19      1%          4
 Leda's Liquefaction      Hex/Erth       48%        N/A       1%          4
 Manifold Assault         Tloc           100%       N/A       1%          4
 Metabolic Englaciation   Hex/Ice        48%        N/A       1%          5
 Summon Forest            Summ/Tloc      48%        N/A       1%          5
 Summon Mana Viper        Hex/Summ       97%        N/A       1%          5
 Yara's Violent Unravell  Hex/Tmut       55%        3d21      1%          5
 Freeze                   Ice            100%       1d10      2%          1
 Kiss of Death            Conj/Necr      100%       2d13      2%          1
 Magic Dart               Conj           100%       1d8       2%          1
 Necrotise                Necr           100%       1d9       2%          1
 Sandblast                Erth           86%        2d18      2%          1
 Shock                    Conj/Air       100%       1d9       2%          1
 Summon Small Mammal      Summ           100%       N/A       2%          1
 Petrify                  Tmut/Erth      71%        N/A       2%          4
 Call Imp                 Summ           86%        N/A       3%          2
 Cigotuvi's Dreadful Rot  Necr/Pois/Air  86%        N/A       3%          2
 Static Discharge         Conj/Air       86%        2-6/arc   3%          2
 Sublimation of Blood     Necr           43%        N/A       3%          2
 Call Canine Familiar     Summ           43%        N/A       5%          3
 Frozen Ramparts          Ice            86%        1d13      5%          3
 Hailstorm                Conj/Ice       43%        3d10      5%          3
 Mephitic Cloud           Conj/Pois/Air  43%        N/A       5%          3
 Ozocubu's Armour         Ice            43%        N/A       5%          3
 Stone Arrow              Conj/Erth      86%        3d12      5%          3
 Swiftness                Air            43%        N/A       5%          3
 Vampiric Draining        Necr           43%        2d9       5%          3
 Irradiate                Conj/Tmut      35%        3d23      6%          5
 Flame Wave               Conj/Fire      54%        2d13      9%          4
 Sticky Flame             Conj/Fire      54%        2d7       9%          4
 Malign Gateway           Summ/Tloc      48%        N/A       10%         7
 Airstrike                Air            21%        2d(4-20)  16%         4
 Brom's Barrelling Bould  Conj/Erth      43%        2d6       16%         4
 Dispel Undead            Necr           43%        3d17      16%         4
 Olgreb's Toxic Radiance  Pois           43%        N/A       16%         4
 Summon Ice Beast         Ice/Summ       43%        N/A       16%         4
 Summon Lightning Spire   Summ/Air       43%        N/A       16%         4
 Eringya's Noxious Bog    Tmut/Pois      35%        4d6       28%         6
 Borgnjor's Vile Clutch   Necr/Erth      21%        N/A       36%         5
 Freezing Cloud           Conj/Ice/Air   21%        6-21      36%         5
 Iskenderun's Battlesphe  Conj           43%        2d9       36%         5
 Lee's Rapid Deconstruct  Erth           21%        3d12*     36%         5
 Plasma Beam              Fire/Air       27%        2x1d39    73%         6
 Starburst                Conj/Fire      27%        6d9       73%         6
 Conjure Ball Lightning   Conj/Air       21%        3x3d6     89%         6
 Leda's Unmaking          Conj/Erth      21%        9d4       89%         6
 Simulacrum               Ice/Necr       21%        N/A       89%         6
 Summon Cactus Giant      Summ           21%        N/A       89%         6
 Haunt                    Necr/Summ      21%        N/A       100%        7
 Monstrous Menagerie      Summ           21%        N/A       100%        7
 Orb of Destruction       Conj           21%        9d8       100%        7
 Ozocubu's Refrigeration  Ice            21%        4d12      100%        7
 Spellforged Servitor     Conj/Summ      21%        N/A       100%        7
 Summon Hydra             Summ           21%        N/A       100%        7
 Ignition                 Fire           31%        3d10      100%        8
 Maxwell's Capacitive Co  Air            21%        ∞         100%        8
 Summon Horrible Things   Summ           21%        N/A       100%        8
 Chain Lightning          Conj/Air       21%        3d28      100%        9
 Fire Storm               Conj/Fire      27%        8d7       100%        9
 Polar Vortex             Ice            21%        12d2*     100%        9
 Shatter                  Erth           21%        3d19*     100%        9


Dungeon Overview and Level Annotations

Branches:
Dungeon (15/15)            Temple (1/1) D:7            Lair (5/5) D:9
  Swamp (4/4) Lair:2        Snake (4/4) Lair:2        Slime (5/5) Lair:4
    Orc (2/2) D:12            Elf (3/3) Orc:2        Vaults (5/5) D:14
  Crypt (3/3) Vaults:3       Tomb (3/3) Crypt:3      Depths (4/4) D:15
   Hell (visited)             Dis (7/7) Hell            Geh (7/7) Hell
    Coc (7/7) Hell            Tar (7/7) Hell            Zot (5/5) Depths:4
 Bailey (visited)           IceCv (visited)         Desolation (visited)
Gauntlet (visited)

Altars:
Ashenzari
Cheibriados
Dithmenos
Elyvilon
Fedhas
Gozag
Hepliaklqana
Kikubaaqudgha
Makhleb
Nemelex Xobeh
Okawaru
Qazlal
Ru
Sif Muna
Trog
Uskayaw
Vehumet
Wu Jian
Xom
Yredelemnul
Zin
The Shining One
Jiyva

Shops:
D:3 !![   D:5 *=!*   D:11 *   D:13 :   Orc:2 ([(!   Elf:1 (   Elf:2 [?*?**[
Vaults:1 ((*[:   Vaults:2 (   Depths:1 =

Portals:
Hell: Depths:1 Depths:2 Depths:3 Depths:4
Abyss: Depths:3 Depths:4
Pandemonium: Depths:2 Depths:4
Ziggurat: Depths:3


Innate Abilities, Weirdness & Mutations

You are amphibious.
You cover ground slowly.
You can hop long distances.
You have an extended range of vision and can be seen from far away.
Your mind is acute. (Int +4, Str/Dex -1)
You are strong-willed. (Will+)
Your spells are a little harder to cast, but a little more powerful.


Message History

You shoot a bolt. The bolt hits Wyur but does no damage.
Fire: a) +9 triple crossbow (holy)
Press: ? - help, Shift-Dir - straight line, f/p - Wyur
Aim: Wyur (dazed, 92% to hit)
You shoot a bolt. The bolt hits Wyur!!!
Wyur convulses!!!!
You kill Wyur!
You have mastered Ranged Weapons!
Fire: a) +9 triple crossbow (holy)
Press: ? - help, Shift-Dir - straight line, f - hellwing
Aim: a hellwing (softly glowing, 90% to hit)
You shoot a bolt. The bolt hits the hellwing!!
The hellwing convulses!
The hellwing is almost dead.
Fire: a) +9 triple crossbow (holy)
Press: ? - help, Shift-Dir - straight line, f/p - hellwing
Aim: a hellwing (almost dead, softly glowing, 90% to hit)
You shoot a bolt. The bolt barely misses the hellwing.
You are ready to recite again.
Fire: a) +9 triple crossbow (holy)
Press: ? - help, Shift-Dir - straight line, f/p - hellwing
Aim: a hellwing (almost dead, softly glowing, 90% to hit)
You shoot a bolt. The bolt hits the hellwing!!!!
You kill the hellwing!
Fire: a) +9 triple crossbow (holy)
Press: ? - help, Shift-Dir - straight line, f - ancient lich
Aim: an ancient lich (slightly transparent, 84% to hit)
You shoot a bolt. The bolt hits the ancient lich.
The ancient lich convulses.
The ancient lich is lightly damaged.
Fire: a) +9 triple crossbow (holy)
Press: ? - help, Shift-Dir - straight line, f/p - ancient lich
Aim: an ancient lich (lightly damaged, slightly transparent, 84% to hit)
You shoot a bolt. The bolt hits the ancient lich!!!
The ancient lich convulses!!!!
You destroy the ancient lich!
Zin accepts your kill.
Activating: Sanctuary (0% risk of failure)
Press: ? - help, Dir - look around, f - activate You hear a choir sing!
There is an open door here.
There is a staircase leading out of the dungeon here.
You have escaped!

.............#.....#....#..##.###
..........####.....≈....≈........
#.........# #...).≈.⌠..≈..######
..........# #.....≈....≈..##
....##....####.....#....#...#
....##......####§≈###≈≈###..#
...###......#.#....#.....#..#
...# #......#.§....≈.....#..#
######......#.≈.@⌠.≈))...#..#
..............≈....≈)....#..#
#######...##..#....#.....#..# #
#...##..'#≈≈##........# #
##'###.......#####..#.# # #.#
#...####.........# # #.# #.###
#.#######.# # #.# #.# #.# #.# #.#
#.# #.# #.#


There were no monsters in sight!

Vanquished Creatures
  Cerebov (Pan)
  Antaeus (Coc:7)
  Asmodeus (Geh:7)
  the Royal Jelly (Slime:5)
  Gloorx Vloq (Pan)
  Ereshkigal (Tar:7)
  the Serpent of Hell (Coc:7)
  Lom Lobon (Pan)
  9 dread liches
  Mnoleg (Pan)
  7 ancient liches
  Dispater (Dis:7)
  11 orbs of fire
  2 juggernauts
  Sojobo (Vaults:2)
  26 royal mummies
  The ghost of Heot Zafel the Impregnable, a veteran MiGl of Hepliaklqana (Crypt:1)
  17 shard shrikes
  Bai Suzhen (Vaults:5)
  3 Killer Klowns (Zot:5)
  Vashnia (Snake:3)
  Geryon (Hell)
  3 curse toes
  Xtahua (Crypt:3)
  12 caustic shrikes
  10 pandemonium lords
  5 golden dragons
  14 bone dragons
  5 profane servitors
  5 doom hounds
  14 Tzitzimimeh
  12 Brimstone Fiends
  3 spectral shard shrikes
  7 iron giants
  18 tentacled monstrosities
  2 electric golems (Zot:5)
  Rupert (D:13)
  Zenata (Elf:3)
  19 Hell Sentinels
  10 hellephants
  Jorgrun (Snake:1)
  15 Ice Fiends
  9 liches
  14 searing wretches
  9 deep elf blademasters
  7 quicksilver dragons
  7 deep elf master archers
  26 Orb Guardians
  28 titans
  11 tainted leviathans
  11 sphinxes
  12 tentacled starspawn
  13 acid blobs
  23 ancient champions
  15 Executioners
  7 shadow dragons
  Frances (Elf:1)
  The ghost of Caterwaul the Fencer, an adept HuMo of the Shining One (Snake:1)
  Agnes (Elf:1)
  The ghost of Hug the Metamorph, an adept TrSh of Uskayaw (Swamp:1)
  5 death cobs
  9 tengu reavers
  A thorn hunter (Swamp:3)
  14 storm dragons
  Kirke (Swamp:3)
  4 draconian monks
  4 nagarajas
  7 narguns
  15 azure jellies
  A daeva (Abyss:4)
  26 frost giants
  9 revenants
  35 fire giants
  6 rockslimes
  A fenstrider witch (Swamp:2)
  5 draconian knights
  6 demonspawn warmongers (Pan)
  22 vault wardens
  8 iron dragons
  9 quicksilver elementals
  6 deep elf sorcerers
  2 spectral caustic shrikes
  3 ghost moths
  3 draconian scorchers
  An angel (D:2)
  4 deep elf elementalists
  8 shard shrike simulacra
  3 imperial myrmidons (Desolation)
  39 balrugs
  3 curse skulls
  A draconian shifter (Zot:2)
  30 war gargoyles
  2 orc warlords
  14 cacodemons
  4 draconian stormcallers
  6 ghouls
  2 spectral juggernauts
  3 juggernaut zombies (Hell)
  15 ironbound preservers
  4 spriggan defenders
  10 draconian annihilators
  25 very ugly things
  24 stone giants
  5 demonspawn blood saints (Pan)
  6 quicksilver oozes (Slime:5)
  12 reapers
  A caustic shrike skeleton (Crypt:3)
  7 demonspawn corrupters (Pan)
  8 vampire knights
  4 formless jellyfish
  7 ironbound thunderhulks
  13 green draconians
  5 black draconians
  21 dire elephants
  The ghost of Bient the Warrior, a journeyman DjCj of Ashenzari (Lair:2)
  11 deep elf annihilators
  8 purple draconians
  13 putrid mouths
  6 bennus (Tomb:3)
  12 demonspawn black suns
  17 elemental wellsprings
  8 eleionomae
  14 lorocyprocas
  5 halazid warlocks
  29 starcursed masses
  7 white draconians
  3 deep elf demonologists (Elf:3)
  2 bunyips
  A minotaur (Gauntlet)
  13 yellow draconians
  11 red draconians
  8 deep elf death magi
  3 spark wasps (Depths:1)
  13 wendigos
  28 iron golems
  24 blizzard demons
  6 eidola
  13 green deaths
  An acid blob zombie (Crypt:2)
  22 ettins
  7 crystal guardians
  22 mummy priests
  A shambling mangrove (Swamp:3)
  7 spectral spriggans
  8 ragged hierophants (Desolation)
  An entropy weaver (shapeshifter) (Depths:2)
  5 deep elf high priests
  5 fire dragons
  A spectral iron giant (Tar:3)
  Josephine (D:13)
  6 entropy weavers
  16 great orbs of eyes
  12 yaktaur captains
  3 spriggan zombies
  16 ice dragons
  9 hydras
  6 hell beasts
  Harold (D:11)
  7 peacekeepers
  8 servants of whispers (Desolation)
  5 rakshasas
  6 centaur warriors
  5 juggernaut simulacra
  31 vault guards
  6 caustic shrike simulacra
  12 salamander tyrants
  4 spriggan air magi
  5 alligators
  14 ironbound frosthearts
  3 ghost crabs
  A sphinx zombie (Hell)
  4 spriggan skeletons
  The ghost of Ylosifol the Marksspriggan, a journeyman SpHu of Dithmenos (D:12)
  4 ogre magi
  20 anacondas
  2 death knights
  2 catoblepae
  32 dancing weapons
  16 two-headed ogres
  14 stokers
  5 tengu warriors
  32 death scarabs
  4 death yaks (Lair:5)
  5 vampire magi
  16 naga warriors
  30 hell hogs
  3 spectral dire elephants
  2 boulder beetles (Vaults:1)
  9 demonic crawlers
  11 hell knights
  19 thrashing horrors
  8 deep troll shamans
  15 deep troll earth magi
  12 shock serpents
  A titan zombie (Crypt:3)
  10 crystal echidnas
  40 sun demons
  5 spriggan berserkers
  6 holy swine (Pan)
  9 naga sharpshooters
  An orc high priest (Elf:2)
  25 deep elf knights
  29 soul eaters
  9 wretched stars
  5 goliath frogs
  3 salamander mystics
  41 skeletal warriors
  2 titan skeletons
  2 quicksilver dragon simulacra (Coc:7)
  25 sixfirhies
  A storm dragon skeleton (Pan)
  20 shadow wraiths
  A golden dragon zombie (Crypt:3)
  11 iron trolls
  15 shadow demons
  54 deep trolls
  A flayed ghost (Crypt:2)
  2 skysharks
  A sea snake (Snake:2)
  5 spriggan druids
  An anaconda zombie (Crypt:3)
  A spatial maelstrom (Abyss:5)
  2 orange crystal statues
  Pikel (D:9)
  3 glowing orange brains
  21 ironbound convokers
  A bunyip zombie (Crypt:3)
  4 harpies (Vaults:4)
  6 spriggan simulacra
  9 swamp dragons
  5 naga ritualists
  9 bog bodies
  10 orc knights
  19 deep elf archers
  12 necromancers
  10 phantasmal warriors
  3 spectral hydras
  12 lindwurms
  39 deep elf zephyrmancers
  16 wizards
  A fenstrider witch simulacrum (Coc:1)
  An oklob plant (Abyss:5)
  An orc sorcerer (Orc:2)
  A wolf spider zombie (D:15)
  6 manticores
  25 deep elf pyromancers
  A cyclops (shapeshifter) (Vaults:5)
  6 will-o-the-wisps
  63 ugly things
  10 cyclopes
  3 worldbinders
  14 mana vipers
  18 salamanders
  2 frost giant zombies (Hell)
  A wolf spider (shapeshifter) (Vaults:5)
  A jorogumo skeleton (Crypt:1)
  3 fire giant zombies (Hell)
  16 moths of wrath
  13 elephants
  Maurice (D:13)
  A moth of wrath (shapeshifter) (Depths:4)
  A spectral alligator snapping turtle (Tar:3)
  A shock serpent zombie (Crypt:1)
  2 shining eyes (Pan)
  3 eyes of devastation
  15 naga magi
  A toenail golem (D:4)
  5 ice statues (Pan)
  20 vault sentinels
  7 molten gargoyles
  8 rust devils
  66 black mambas
  A titan simulacrum (Coc:4)
  20 orange demons
  14 guardian serpents
  3 apocalypse crabs
  3 spectral centaurs (Tar:2)
  3 centaur skeletons
  2 gargoyles (Gauntlet)
  8 cane toads
  Maggie (D:6)
  35 smoke demons
  5 unseen horrors
  7 efreet
  19 hellions
  An unseen horror zombie (Crypt:1)
  20 rime drakes
  21 yaktaurs
  4 anaconda simulacra
  2 bunyip simulacra
  10 komodo dragons
  An alligator snapping turtle skeleton (Crypt:1)
  10 ice devils
  4 spectral nagas
  18 guardian mummies
  A golden dragon simulacrum (Coc:7)
  4 freezing wraiths
  3 silent spectres
  A queen bee (D:11)
  9 red devils
  5 ancient zymes
  8 iron giant simulacra
  21 tormentors
  2 tengu conjurers (Depths:2)
  The ghost of kickassninja the Sneak, a novice DECj of Gozag (D:6)
  26 polar bears
  A spectral harpy (Tar:1)
  A hydra zombie (Abyss:4)
  22 hellwings
  A harpy zombie (Crypt:3)
  14 trolls
  6 tyrant leeches
  A harpy skeleton (Crypt:1)
  5 hornets
  Grinder (D:6)
  3 bloated husks
  A hydra skeleton (Abyss:4)
  26 blink frogs
  17 dream sheep
  2 snapping turtles (shapeshifter)
  6 iron dragon simulacra
  A meliai zombie (D:15)
  A satyr skeleton (Crypt:1)
  21 raiju
  49 saltlings (Desolation)
  4 ettin skeletons
  An ice dragon skeleton (Crypt:3)
  98 slime creatures
  A culicivora (Vaults:2)
  2 jumping spiders
  3 centaur simulacra
  59 flying skulls
  A vampire (D:12)
  19 ynoxinuls
  6 shadows
  5 spriggans
  2 water elementals
  3 air elementals
  3 wyverns
  4 dire elephant simulacra
  14 ushabtiu
  A culicivora (shapeshifter) (Elf:1)
  8 wraiths
  8 fire elementals
  3 hogs (Swamp:3)
  11 humans
  22 yaks
  A yak (shapeshifter) (Vaults:5)
  5 golden eyes
  A tyrant leech zombie (Crypt:2)
  25 vampire mosquitoes
  5 basilisks
  26 neqoxecs
  Eustachio (D:6)
  A steam dragon (D:9)
  An alligator snapping turtle simulacrum (Coc:2)
  Edmund (D:5)
  31 chaos spawn
  54 large abominations
  A glowing shapeshifter zombie (Crypt:2)
  A spatial vortex (Abyss:5)
  6 redbacks
  20 harpy simulacra
  A swamp worm (shapeshifter) (Vaults:5)
  2 wargs
  2 acid dragons
  2 hydra simulacra
  13 hell hounds
  37 nagas
  2 demonspawn skeletons
  23 swamp worms
  15 water moccasins
  A floating eye (shapeshifter) (Elf:1)
  32 orc warriors
  7 floating eyes
  A merfolk skeleton (Crypt:2)
  3 swamp drakes (Swamp:4)
  4 ettin simulacra
  10 black bears
  A fire dragon simulacrum (Coc:1)
  3 sky beasts
  13 boggarts
  A blink frog zombie (Crypt:1)
  11 centaurs
  17 wolves
  27 ogres
  A draconian zombie (Crypt:1)
  3 lemures (D:9)
  2 phantoms (D:6)
  15 bullfrogs
  2 gnoll sergeants (D:12)
  2 kobold brigands
  5 necrophages
  An earth elemental (Elf:2)
  3 scorpions
  2 naga simulacra
  A water moccasin skeleton (Crypt:2)
  5 wights (D:10)
  20 small abominations
  21 killer bees
  4 howler monkeys
  12 electric eels
  5 crimson imps (Pan)
  10 hounds
  A bullfrog skeleton (Crypt:1)
  8 jellies
  13 orc priests
  A gnoll bouda (Orc:2)
  An iron imp (Abyss:4)
  A boggart zombie (D:15)
  4 iguanas
  13 orc wizards
  10 hell rats
  A boggart skeleton (D:15)
  A tengu zombie (Crypt:1)
  28 mummies
  Robin (D:3)
  8 adders
  20 gnolls
  4 shadow imps
  2 white imps
  2 ufetubi
  An iguana zombie (Crypt:2)
  6 worms
  4 dart slugs
  79 orcs
  5 endoplasms
  2 giant cockroaches
  8 goblins
  9 hobgoblins
  6 jackals
  16 kobolds
  3 quokkas
  8 ball pythons
  A ball python skeleton (Crypt:1)
  7 bats
  A frilled lizard (D:1)
  A quokka skeleton (Crypt:1)
  5 rats
  3 creeping infernos
  11 fire vortices
  2 lurking horrors
  4 starspawn tentacles
4110 creatures vanquished.

Vanquished Creatures (collateral kills)
  An ancient lich (Vaults:5)
  A shard shrike (Coc:4)
  A caustic shrike (Dis:7)
  A death cob (Zot:5)
  A searing wretch (Geh:7)
  2 fire giants
  A deep elf sorcerer (Vaults:5)
  A frost giant (Vaults:5)
  A vault warden (Vaults:5)
  2 stone giants (Vaults:5)
  A war gargoyle (Vaults:5)
  A bennu (Tomb:3)
  An iron golem (Dis:7)
  A deep elf death mage (Vaults:5)
  2 mummy priests (Tomb:3)
  7 vault guards (Vaults:5)
  A yaktaur captain (Vaults:5)
  42 death scarabs (Tomb:3)
  5 hell hogs
  A skeletal warrior (Tomb:3)
  A deep elf knight (Vaults:5)
  2 ironbound convokers (Vaults:5)
  2 deep elf archers (Vaults:5)
  A deep elf zephyrmancer (Vaults:5)
  2 deep elf pyromancers (Vaults:5)
  A mana viper (shapeshifter) (Vaults:5)
  A dire elephant zombie (Tomb:3)
  A vault sentinel (Vaults:5)
  A centaur skeleton (Tomb:3)
  14 guardian mummies (Tomb:3)
  11 flying skulls (Tomb:3)
  An ushabti (Tomb:3)
  A chaos spawn (Pan)
  A harpy simulacrum (Coc:4)
  3 mummies (Tomb:3)
117 creatures vanquished.

Vanquished Creatures (others)
  2 caustic shrikes
  A tentacled monstrosity (Pan)
  2 Orb Guardians (Zot:5)
  An eldritch tentacle (Pan)
  A storm dragon (Zot:5)
  An ancient champion (Tomb:3)
  A fire giant (Vaults:5)
  A spriggan defender (Depths:2)
  A bennu (Tomb:3)
  A yellow draconian (Zot:1)
  A black draconian (Crypt:2)
  A white draconian (Zot:5)
  An ettin (Vaults:5)
  A mummy priest (Tomb:3)
  A caustic shrike simulacrum (Coc:7)
  2 juggernaut simulacra
  A rakshasa (Depths:2)
  2 stokers (Geh:7)
  6 death scarabs (Tomb:3)
  A vampire mage (Depths:2)
  A spriggan berserker (Depths:2)
  A skeletal warrior (Tomb:3)
  A wizard (D:15)
  2 deep elf zephyrmancers
  An ugly thing (Depths:2)
  A moth of wrath (Zot:1)
  A titan simulacrum (Coc:3)
  3 hellions
  3 guardian mummies (Tomb:3)
  A tormentor (Dis:5)
  An iron giant simulacrum (Coc:7)
  An iron dragon simulacrum (Coc:3)
  3 flying skulls (Tomb:3)
  A dire elephant simulacrum (Coc:6)
  A golden eye (Pan)
  A neqoxec (Pan)
  A chaos spawn (Pan)
  A warg (Orc:1)
  A hydra simulacrum (Coc:7)
  A floating eye (Depths:2)
  An ettin simulacrum (Coc:3)
  A small abomination (Abyss:4)
  2 orc wizards
  A mummy (Tomb:3)
  An orc (D:9)
  3 ball lightnings (Pan)
  A creeping inferno (Geh:7)
  8 foxfires (Swamp:3)
  18 starspawn tentacles
92 creatures vanquished.

Grand Total: 4319 creatures vanquished

Notes
Turn   | Place    | Note
-------+----------+-------------------------------------------
     0 | D:1      | WinterFox the Barachi Hexslinger began the quest for the
                  | Orb.
     0 | D:1      | Reached XP level 1. HP: 15/15 MP: 2/2
    81 | D:1      | Reached XP level 2. HP: 21/21 MP: 3/3
   802 | D:2      | Reached XP level 3. HP: 26/26 MP: 4/4
   975 | D:2      | Identified the +1 dagger of the Hierophant {heavy, Str+3
                  | Stlth+}
  1013 | D:2      | You fall into a shaft and drop 1 floor!
  1102 | D:3      | Found Seni's Antique Armour Shop.
  1114 | D:3      | Reached XP level 4. HP: 32/32 MP: 5/5
  1135 | D:3      | Noticed Robin
  1165 | D:3      | Learned a level 2 spell: Jinxbite
  1440 | D:3      | Killed Robin
  1851 | D:3      | Found Hyor's Distillery.
  1857 | D:3      | Bought a potion of degeneration for 14 gold pieces
  1857 | D:3      | Bought a potion of heal wounds for 70 gold pieces
  2003 | D:3      | Found Xiupsu's Distillery.
  2013 | D:3      | Bought a potion of curing for 30 gold pieces
  2112 | D:3      | Reached skill level 5 in Ranged Weapons
  2112 | D:3      | Reached XP level 5. HP: 12/37 MP: 6/6
  2203 | D:4      | Found an iron altar of Okawaru.
  2216 | D:4      | Became a worshipper of Warmaster Okawaru
  2311 | D:4      | Reached XP level 6. HP: 43/43 MP: 7/7
  2827 | D:4      | Found a shadowy altar of Dithmenos.
  3281 | D:3      | Bought a potion of haste for 100 gold pieces
  3281 | D:3      | Bought a potion of mutation for 80 gold pieces
  3281 | D:3      | Bought a potion of lignification for 30 gold pieces
  3281 | D:3      | Bought a potion of enlightenment for 50 gold pieces
  3335 | D:5      | Entered Level 5 of the Dungeon
  3335 | D:5      | Found Jaf Ami's Distillery.
  3335 | D:5      | Found Painutul's Assorted Antiques.
  3335 | D:5      | Found Ryfucap's Jewellery Emporium.
  3336 | D:5      | Noticed Edmund
  3352 | D:5      | Learned a level 3 spell: Inner Flame
  3425 | D:5      | Reached XP level 7. HP: 41/48 MP: 8/8
  3505 | D:5      | Reached * piety under Okawaru
  3703 | D:5      | Found Beth's General Store.
  3716 | D:5      | Bought a scroll of teleportation for 36 gold pieces
  3807 | D:5      | Found a sparkling altar of Nemelex Xobeh.
  3839 | D:5      | Found a radiant altar of Vehumet.
  3995 | D:5      | Killed Edmund
  3995 | D:5      | Reached ** piety under Okawaru
  3996 | D:5      | Reached skill level 1 in Invocations
  3996 | D:5      | Reached XP level 8. HP: 43/54 MP: 9/11
  4164 | D:6      | Learned a level 4 spell: Cause Fear
  4171 | D:6      | Noticed Grinder
  4187 | D:6      | Killed Grinder
  4266 | D:6      | Noticed Maggie
  4290 | D:6      | Killed Maggie
  4290 | D:6      | Reached *** piety under Okawaru
  4291 | D:6      | Reached skill level 5 in Hexes
  4291 | D:6      | Reached XP level 9. HP: 24/59 MP: 6/13
  4445 | D:6      | Reached skill level 10 in Ranged Weapons
  4482 | D:6      | Found a hide-covered altar of Uskayaw.
  4492 | D:6      | Identified the +7 great mace of the Ancient Demons {venom,
                  | Will+ Str+3 Stlth+}
  4492 | D:6      | Identified the +6 giant club of Wemeleiw {spect, rN+ Will+
                  | Stlth-}
  4492 | D:6      | Noticed a two-headed ogre
  4499 | D:6      | Found a transporter.
  4499 | D:6      | Noticed kickassninja's ghost (novice DECj)
  4524 | D:6      | Found a transporter.
  4624 | D:6      | Noticed Eustachio
  4653 | D:6      | Killed Eustachio
  4695 | D:6      | Found a shimmering altar of Xom.
  4977 | D:6      | Learned a level 4 spell: Dimensional Bullseye
  4987 | D:6      | Killed a two-headed ogre
  4987 | D:6      | Reached **** piety under Okawaru
  5002 | D:6      | Killed kickassninja's ghost
  5230 | D:7      | Found a flagged portal.
  5239 | Bailey   | Entered a bailey
  5432 | Bailey   | Reached XP level 10. HP: 63/63 MP: 14/14
  5941 | D:7      | Found a staircase to the Ecumenical Temple.
  6060 | D:7      | Found a stormy altar of Qazlal.
  6175 | Temple   | Found a transporter.
  6175 | Temple   | Found a transporter.
  6175 | Temple   | Found a transporter.
  6175 | Temple   | Found a transporter.
  6175 | Temple   | Entered the Ecumenical Temple
  6293 | D:7      | Found an ancient bone altar of Kikubaaqudgha.
  6565 | D:8      | Noticed a cyclops
  6582 | D:8      | Killed a cyclops
  7018 | D:8      | Found a snail-covered altar of Cheibriados.
  7565 | D:9      | Noticed Pikel
  7574 | D:9      | Killed Pikel
  7575 | D:9      | Reached skill level 15 in Ranged Weapons
  7602 | D:9      | Reached ***** piety under Okawaru
  7609 | D:9      | Reached XP level 11. HP: 70/70 MP: 15/15
  7684 | D:9      | Found a staircase to the Lair.
  7938 | D:9      | Identified the +0 chain mail of Piedaut {rC+}
  7969 | D:10     | Entered Level 10 of the Dungeon
  8034 | D:10     | Noticed a cyclops
  8034 | D:10     | Noticed a two-headed ogre
  8057 | D:10     | Killed a two-headed ogre
  8083 | D:10     | Killed a cyclops
  8299 | D:10     | Reached skill level 1 in Armour
  8299 | D:10     | Reached skill level 1 in Evocations
  8300 | D:10     | Reached skill level 1 in Stealth
  8311 | D:10     | Found a glowing silver altar of Zin.
  8374 | D:10     | Identified the +0 scale mail of Abstinence {Harm rElec}
                  | (Okawaru gifted it to you on level 10 of the Dungeon)
  8374 | D:10     | Received a gift from Okawaru
  8871 | D:10     | Found a hazy altar of Hepliaklqana.
  9095 | Lair:1   | Entered Level 1 of the Lair of Beasts
  9659 | Lair:1   | Reached XP level 12. HP: 62/81 MP: 18/18
  9993 | Lair:2   | Noticed Bient's ghost (journeyman DjCj)
  9993 | Lair:2   | Found a transporter.
  9994 | Lair:2   | Noticed a skyshark
  9998 | Lair:2   | Found a transporter.
 10046 | Lair:2   | Found a staircase to the Swamp.
 10200 | Lair:2   | Received a gift from Okawaru
 10219 | Lair:2   | Found a staircase to the Snake Pit.
 10434 | Lair:2   | Reached skill level 5 in Fighting
 10434 | Lair:2   | Reached skill level 5 in Spellcasting
 10464 | Lair:2   | Reached skill level 5 in Dodging
 10516 | Lair:2   | Reached skill level 5 in Armour
 10703 | Lair:2   | Noticed a four-headed hydra
 10709 | Lair:2   | Killed a four-headed hydra
 10710 | Lair:2   | Reached skill level 5 in Invocations
 10795 | Lair:3   | HP: 4/86 [poisoned by you (poison gas)]
 10798 | Lair:3   | Identified the +2 helmet "Kydihef" {Rampage Dex+2} (Okawaru
                  | gifted it to you on level 3 of the Lair of Beasts)
 10798 | Lair:3   | Received a gift from Okawaru
 10800 | Lair:3   | Gained mutation: You can hop long distances. [Barachi
                  | growth]
 10800 | Lair:3   | Reached XP level 13. HP: 17/92 MP: 19/21
 10924 | Lair:3   | Reached skill level 5 in Evocations
 10925 | Lair:3   | You fall into a shaft and drop 2 floors!
 10925 | Lair:5   | Entered Level 5 of the Lair of Beasts
 11049 | Lair:5   | Reached ****** piety under Okawaru
 11191 | Lair:5   | HP: 4/93 [death yak (14)]
 11683 | Lair:5   | Found a shimmering altar of Xom.
 11918 | Lair:5   | Received a gift from Okawaru
 11979 | Lair:5   | Noticed a dire elephant
 11994 | Lair:5   | Killed a dire elephant
 12242 | Lair:3   | Received a gift from Okawaru
 12265 | Lair:4   | Found a gate leading to a gauntlet.
 12282 | Gauntlet | Entered a Gauntlet
 12282 | Gauntlet | Found a transporter.
 12282 | Gauntlet | Found a transporter.
 12309 | Gauntlet | Found a transporter.
 12313 | Gauntlet | Found a transporter.
 12314 | Gauntlet | Found a transporter.
 12343 | Gauntlet | Found a transporter.
 12343 | Gauntlet | Found a transporter.
 12345 | Gauntlet | Found a transporter.
 12346 | Gauntlet | Found a transporter.
 12358 | Gauntlet | Found a transporter.
 12374 | Gauntlet | Found a transporter.
 12380 | Gauntlet | Noticed a great orb of eyes
 12384 | Gauntlet | Found a transporter.
 12400 | Gauntlet | Found a transporter.
 12418 | Gauntlet | Found a transporter.
 12477 | Gauntlet | Identified the staff "Metsuebu" {rPois Conj}
 12516 | Gauntlet | Reached XP level 14. HP: 91/103 MP: 24/24
 12526 | Gauntlet | Identified the +1 cloak of Privacy {rF- Dex+4}
 12559 | Gauntlet | Reached skill level 1 in Translocations
 12565 | Gauntlet | Identified the +1 pair of boots "Osatidgh" {rCorr Dex-3
                  | Slay+4 SInv}
 12638 | Gauntlet | Got a decrepit book
 12642 | Gauntlet | Identified the +3 robe of Atonul {+Inv rCorr Int+5 Dex+2}
 13122 | Lair:4   | Found a staircase to the Slime Pits.
 13148 | Lair:4   | Found a viscous altar of Jiyva.
 13574 | Lair:3   | Identified the +2 pair of gloves "Goylettun" {Harm rPois
                  | Int+3 Dex+2} (Okawaru gifted it to you on level 3 of the
                  | Lair of Beasts)
 13574 | Lair:3   | Received a gift from Okawaru
 13849 | Lair:3   | Identified the ring of Gugeguin {Ice Contam rElec Str-3
                  | Int+4}
 13855 | Lair:3   | Learned a level 3 spell: Volatile Blastmotes
 14603 | Lair:2   | Killed Bient's ghost
 14606 | Lair:2   | Identified the ring "Peoch" {+Blink MP-9 AC+4 SInv}
 14774 | D:5      | Bought a smoking sapphire amulet for 100 gold pieces
 14774 | D:5      | Identified the amulet of Liberalism {RegenMP Harm Rampage
                  | rCorr} (You bought it in a shop on level 5 of the Dungeon)
 14817 | D:3      | Bought a shimmering helmet for 218 gold pieces
 14817 | D:3      | Identified the +0 helmet of Mumblety Peg {MP+9 Str+4 SInv}
                  | (You bought it in a shop on level 3 of the Dungeon)
 14817 | D:3      | Bought a masterwork leather armour for 161 gold pieces
 14817 | D:3      | Identified the +1 leather armour of the Ecumenical Temple
                  | {*Slow rPois rF- rN+++} (You bought it in a shop on level 3
                  | of the Dungeon)
 15433 | D:11     | Noticed Harold
 15437 | D:11     | Killed Harold
 15543 | D:11     | Found Ciulio's General Store.
 16307 | D:12     | Found a staircase to the Orcish Mines.
 16459 | D:12     | Found a large runed translucent door.
 16459 | D:12     | Found a large runed translucent door.
 16461 | D:12     | Noticed Ylosifol's ghost (journeyman SpHu)
 16561 | D:12     | Found a broken altar of Ashenzari.
 16835 | D:12     | Identified the +8 long sword "Wanoas" {heavy, Int+3}
 17076 | D:12     | Received a gift from Okawaru
 17089 | D:12     | Identified a scroll of acquirement
 17095 | D:12     | Acquired a book of Misfortune
 17142 | D:12     | Killed Ylosifol's ghost
 17425 | Orc:1    | Entered Level 1 of the Orcish Mines
 17499 | Orc:2    | Entered Level 2 of the Orcish Mines
 17722 | Orc:2    | Reached XP level 15. HP: 115/115 MP: 1/26
 17724 | Orc:2    | Identified the +7 longbow "Meinke" {antimagic, Drain rPois
                  | rF+ rN+} (Okawaru gifted it to you on level 2 of the Orcish
                  | Mines)
 17724 | Orc:2    | Received a gift from Okawaru
 17727 | Orc:2    | Reached skill level 10 in Fighting
 17995 | Orc:2    | Found a staircase to the Elven Halls.
 18013 | Orc:2    | Found Bewn's Weapon Emporium.
 18018 | Orc:2    | Found Piallath's Weapon Shoppe.
 18019 | Orc:2    | Found Weab's Distillery.
 18031 | Orc:2    | Found Vasamairiax's Armour Shoppe.
 18040 | Orc:2    | Bought the +5 moon troll leather armour {Spirit, Regen++
                  | MP+5} for 833 gold pieces
 18040 | Orc:2    | Found the +5 moon troll leather armour {Spirit, Regen++
                  | MP+5}
 18351 | Orc:1    | Received a gift from Okawaru
 18928 | D:13     | Noticed Maurice
 18941 | D:13     | Killed Maurice
 19000 | D:13     | Noticed Josephine
 19005 | D:13     | Killed Josephine
 19006 | D:13     | Reached skill level 5 in Translocations
 19153 | D:13     | Found Yffyomom's Self-Improvement Boutique.
 19296 | D:13     | Noticed Rupert
 19297 | D:13     | Reached skill level 10 in Hexes
 19305 | D:13     | Killed Rupert
 19948 | D:14     | Identified the +10 plate armour of Words of Power {rPois}
                  | (Okawaru gifted it to you on level 14 of the Dungeon)
 19948 | D:14     | Received a gift from Okawaru
 20168 | D:14     | Reached skill level 10 in Armour
 20247 | D:14     | Found a gate to the Vaults.
 20569 | D:15     | Entered Level 15 of the Dungeon
 20647 | D:15     | Found a runed translucent door.
 20746 | D:15     | Reached XP level 16. HP: 71/129 MP: 6/29
 20926 | D:15     | Identified the +4 ring mail of Beauty {rN+ Stlth+}
 21727 | D:15     | Reached skill level 10 in Dodging
 21759 | D:15     | Found a staircase to the Depths.
 22133 | Swamp:1  | Entered Level 1 of the Swamp
 22330 | Swamp:1  | Received a gift from Okawaru
 22330 | Swamp:1  | Found the +27 heavy crossbow "Sniper" {heavy, Acc+∞ SInv}
 22606 | Swamp:1  | Found a runed translucent gate.
 22606 | Swamp:1  | Found a runed translucent gate.
 22606 | Swamp:1  | Found a runed translucent gate.
 22610 | Swamp:1  | Noticed Hug's ghost (adept TrSh)
 22636 | Swamp:1  | Killed Hug's ghost
 22681 | Swamp:1  | Identified the +1 robe of Madixear {rPois rC+ rN++ Will-}
 22779 | Swamp:2  | Noticed a fenstrider witch
 22787 | Swamp:2  | Killed a fenstrider witch
 22925 | Swamp:2  | Identified the scarf of Ante {harm, Regen+} (Okawaru gifted
                  | it to you on level 2 of the Swamp)
 22925 | Swamp:2  | Received a gift from Okawaru
 23387 | Swamp:3  | Noticed a thorn hunter
 23410 | Swamp:3  | Killed a thorn hunter
 23429 | Swamp:3  | Reached skill level 10 in Spellcasting
 23651 | Swamp:3  | Reached XP level 17. HP: 140/140 MP: 15/31
 23682 | Swamp:3  | Noticed Kirke
 23692 | Swamp:3  | Killed Kirke
 23973 | Swamp:4  | Entered Level 4 of the Swamp
 24016 | Swamp:4  | Reached skill level 15 in Fighting
 24215 | Swamp:4  | Identified the +1 pair of boots of the Heavens {-Cast rPois
                  | rF+++ Dex+3} (Okawaru gifted it to you on level 4 of the
                  | Swamp)
 24215 | Swamp:4  | Received a gift from Okawaru
 24519 | Swamp:4  | Got a decaying rune of Zot
 24532 | Swamp:4  | Reached XP level 18. HP: 149/149 MP: 15/32
 24781 | Snake:1  | Entered Level 1 of the Snake Pit
 24781 | Snake:1  | Found a huge runed translucent gate.
 24781 | Snake:1  | Found a huge runed translucent gate.
 24781 | Snake:1  | Found a huge runed translucent gate.
 24952 | Snake:1  | Found a huge runed translucent gate.
 24952 | Snake:1  | Found a huge runed translucent gate.
 24986 | Snake:1  | Identified the +1 crystal plate armour "Wuezeqots" {rPois
                  | Will++ Regen+} (Okawaru gifted it to you on level 1 of the
                  | Snake Pit)
 24986 | Snake:1  | Received a gift from Okawaru
 25262 | Snake:1  | Noticed Caterwaul's ghost (adept HuMo)
 25269 | Snake:1  | Found a transporter.
 25291 | Snake:1  | Found a transporter.
 25307 | Snake:1  | Found the dreamshard necklace {Acrobat *Dream}
 25449 | Snake:1  | Noticed Jorgrun
 25466 | Snake:1  | Killed Jorgrun
 25733 | Snake:2  | Found a bloodstained altar of Trog.
 25747 | Snake:2  | Reached XP level 19. HP: 159/159 MP: 15/33
 26266 | Snake:2  | You fall into a shaft and drop 1 floor!
 26700 | Snake:2  | Identified the +4 scale mail "Zonlesm" {Regen+} (Okawaru
                  | gifted it to you on level 2 of the Snake Pit)
 26700 | Snake:2  | Received a gift from Okawaru
 26842 | Snake:2  | Reached skill level 15 in Armour
 26908 | Snake:2  | Identified the ring "Keimaduj" {rPois Dex+6 SInv}
 26915 | Snake:2  | Learned a level 5 spell: Yara's Violent Unravelling
 26917 | Snake:2  | Learned a level 1 spell: Apportation
 27437 | Snake:3  | Noticed Vashnia
 27453 | Snake:3  | Killed Vashnia
 27986 | Snake:4  | Entered Level 4 of the Snake Pit
 28260 | Snake:4  | Reached skill level 15 in Dodging
 28552 | Snake:4  | Identified the +3 shortbow of Terror {freeze, Str+4 Int-4}
 28653 | Snake:4  | Identified the +4 ring mail of Okawaru's Approval {Harm
                  | rC+} (Okawaru gifted it to you on level 4 of the Snake Pit)
 28653 | Snake:4  | Received a gift from Okawaru
 28736 | Snake:4  | Reached XP level 20. HP: 170/170 MP: 16/34
 28805 | Snake:4  | Got a serpentine rune of Zot
 29149 | Snake:4  | Learned a level 7 spell: Enfeeble
 29475 | Snake:1  | Killed Caterwaul's ghost
 29656 | D:13     | Bought a manual of Dodging for 1280 gold pieces
 29761 | Elf:1    | Entered Level 1 of the Elven Halls
 29824 | Orc:2    | Reached skill level 1 in Transmutations
 29970 | Elf:1    | Found Jora's Weapon Boutique.
 30186 | Elf:1    | Noticed Frances
 30193 | Elf:1    | Killed Frances
 30193 | Elf:1    | Received a gift from Okawaru
 30322 | Elf:1    | Noticed Agnes
 30329 | Elf:1    | Killed Agnes
 30715 | Elf:2    | Found Qammeor's Armour Emporium.
 30748 | Elf:2    | Identified the +0 robe of the Quahog {Rampage rF+ Dex+3}
 30754 | Elf:2    | Identified the +2 ring mail "Obair" {Drain Will+++ MP+9
                  | Stlth-} (Okawaru gifted it to you on level 2 of the Elven
                  | Halls)
 30754 | Elf:2    | Received a gift from Okawaru
 30797 | Elf:2    | Found Qenloshra's Magic Scroll Shoppe.
 30801 | Elf:2    | Found Rumy's Assorted Antiques.
 30807 | Elf:2    | Bought a scroll of teleportation for 54 gold pieces
 30830 | Elf:2    | Found Qoqoan's Magic Scroll Boutique.
 30859 | Elf:2    | Found Neump's Assorted Antiques.
 30888 | Elf:2    | Found Dabeh's Antique Armour Shop.
 30985 | Elf:2    | Found a huge runed translucent gate.
 30985 | Elf:2    | Found a huge runed translucent gate.
 31007 | Elf:2    | Found a huge runed translucent gate.
 31007 | Elf:2    | Found a huge runed translucent gate.
 31007 | Elf:2    | Found a huge runed translucent gate.
 31318 | Elf:2    | Found Qunlastro's General Store.
 31670 | Elf:2    | Reached XP level 21. HP: 177/177 MP: 16/35
 31772 | Elf:3    | Entered Level 3 of the Elven Halls
 31778 | Elf:3    | Identified the +0 plate armour of Supple Strength {Regen+
                  | Str+3 Dex-5 Stlth+} (Okawaru gifted it to you on level 3 of
                  | the Elven Halls)
 31778 | Elf:3    | Received a gift from Okawaru
 31823 | Elf:3    | Found a frozen archway.
 31843 | IceCv    | Entered an ice cave
 32329 | IceCv    | Got a blackened book
 32708 | Elf:3    | Noticed Zenata
 32736 | Elf:3    | Killed Zenata
 32737 | Elf:3    | Reached skill level 5 in Stealth
 32782 | Elf:3    | Received a gift from Okawaru
 32808 | Elf:3    | Reached skill level 5 in Transmutations
 32842 | Elf:3    | Identified the ring of Ekhloeno {Drain rN+ MP+9 EV+5
                  | Stlth+}
 32898 | Elf:3    | Identified the ring of the Skies Above {*Slow rPois rC+
                  | Will++ Stlth+}
 32910 | Elf:3    | Identified the +5 hand axe "Faybaor" {chaos, Contam +Blink
                  | rF+++ Dex-4}
 32910 | Elf:3    | Identified the +3 ring mail "Dote" {rC++ rN+ Regen+ Str-5}
 32924 | Elf:3    | Identified the staff "Vahauruc" {rN+ rCorr Earth}
 32955 | Elf:3    | Identified the +4 flail of Piypp {heavy, Drain rC++ MP+9}
 32961 | Elf:3    | Found the +3 robe of Clouds {*Thunder rCloud rElec}
 32978 | Elf:3    | Identified the staff of Wu Jian's Indignation {rC++ rN+
                  | Will- SInv Stlth+ Necro}
 33000 | Elf:3    | Identified the +9 scale mail of Bad Feelings {rN+}
 33020 | Elf:3    | Identified the staff "Nagut" {rPois rC+ Int+3 Stlth+
                  | Poison}
 33725 | Vaults:1 | Entered Level 1 of the Vaults
 33928 | Vaults:1 | Found a crumbling gateway.
 33966 | Desolati | Entered the Desolation of Salt
 34037 | Desolati | Received a gift from Okawaru
 34089 | Desolati | Identified the staff of Honour {rN+ Str+4 Necro}
 34091 | Desolati | Identified the +2 battleaxe of Cheibriados {flame, Fly
                  | Int+3}
 34104 | Desolati | Got an inconspicuous book
 34105 | Desolati | Identified the +4 plate armour of Bitterness {Fly rF-
                  | Int+6}
 34257 | Desolati | Identified the amulet "Kaessirch" {Acrobat Will++ Str-5}
 34261 | Desolati | Identified the amulet "Xehadwiytz" {RegenMP rElec rN++
                  | Regen+ Str-3}
 34267 | Desolati | Identified the orb of the Cockroach {*channel, Dex+2}
 34413 | Desolati | Received a gift from Okawaru
 34439 | Desolati | Reached XP level 22. HP: 184/184 MP: 15/37
 34468 | Desolati | Identified the ring of Xom's Best Wishes {rPois rF+ rC+
                  | Slay+2}
 34470 | Desolati | Identified the staff of Internal Strife {rC+ Int+5 Ice}
 34480 | Desolati | Identified the scarf of Compassion {rC+ rF+, Dex+4 Slay+2
                  | SInv}
 35033 | Vaults:1 | Found Puhefa's Assorted Antiques.
 35131 | Vaults:1 | Identified the +3 pair of gloves of the Ditch-Digger {+Inv
                  | rElec rCorr} (Okawaru gifted it to you on level 1 of the
                  | Vaults)
 35131 | Vaults:1 | Received a gift from Okawaru
 35152 | Vaults:1 | Found Sietto's Weapon Boutique.
 35291 | Vaults:1 | Found Eruocasy's Antique Armour Shop.
 35519 | D:13     | Bought a manual of Transmutations for 1280 gold pieces
 35792 | Vaults:1 | Found Xoafe's Book Shoppe.
 35981 | Vaults:1 | Found Yciojim's Weapon Boutique.
 36205 | Vaults:2 | Found Cinkeawn's Antique Weapon Emporium.
 36495 | Vaults:2 | Noticed Sojobo
 36666 | Vaults:2 | Killed Sojobo
 37414 | Vaults:3 | Reached XP level 23. HP: 187/190 MP: 17/39
 37421 | Vaults:3 | Found a staircase to the Crypt.
 37674 | Vaults:3 | Received a gift from Okawaru
 38778 | Vaults:4 | Reached skill level 10 in Transmutations
 38799 | Vaults:4 | Reached skill level 10 in Translocations
 38799 | Vaults:4 | Reached skill level 10 in Evocations
 39491 | Vaults:4 | Received a gift from Okawaru
 39876 | Vaults:4 | Learned a level 8 spell: Discord
 40071 | Depths:1 | Entered Level 1 of the Depths
 40445 | Depths:1 | Found a gateway to Hell.
 40471 | Depths:1 | Reached XP level 24. HP: 197/197 MP: 18/40
 40474 | Depths:1 | Received a gift from Okawaru
 40935 | Depths:1 | Found Vokiemeu's Jewellery Shop.
 40978 | Depths:2 | Found a blossoming altar of Fedhas.
 41043 | Depths:2 | Found an opulent altar of Gozag.
 41064 | Depths:2 | Reached skill level 10 in Invocations
 41357 | Depths:2 | Received a gift from Okawaru
 41383 | Depths:2 | Paralysed by a floating eye for 2 turns
 41660 | Depths:2 | Reached skill level 15 in Hexes
 41781 | Depths:2 | Found a one-way gate leading to the halls of Pandemonium.
 42265 | Depths:3 | Identified the +5 longbow "Yratejen" {drain, *Slow rC+++
                  | Str-2 Int+3} (Okawaru gifted it to you on level 3 of the
                  | Depths)
 42265 | Depths:3 | Received a gift from Okawaru
 42674 | Depths:3 | Found a one-way gateway to a ziggurat.
 42818 | Depths:2 | Reached XP level 25. HP: 204/204 MP: 18/41
 42820 | Depths:2 | Reached skill level 15 in Spellcasting
 42947 | Depths:3 | Found a one-way gate to the infinite horrors of the Abyss.
 43081 | Depths:4 | Entered Level 4 of the Depths
 43102 | Depths:3 | Identified the +6 arbalest of WinterFox's Gallantry {flame,
                  | *Corrode Int+3 Dex+6} (Okawaru gifted it to you on level 3
                  | of the Depths)
 43102 | Depths:3 | Received a gift from Okawaru
 43196 | Depths:4 | Learned a level 6 spell: Dispersal
 43205 | Depths:4 | Learned a level 8 spell: Disjunction
 43241 | Depths:3 | Found the +7 lajatang of Order {silver, rMut}
 43341 | Depths:4 | Noticed a juggernaut
 43348 | Depths:4 | Killed a juggernaut
 43677 | Depths:4 | Found a gate to the Realm of Zot.
 43835 | Depths:4 | Found an ornate altar of the Wu Jian Council.
 44474 | Slime:1  | Entered Level 1 of the Pits of Slime
 44574 | Slime:4  | Found a viscous altar of Jiyva.
 44669 | Slime:5  | Entered Level 5 of the Pits of Slime
 44891 | Slime:5  | Noticed the Royal Jelly
 44906 | Slime:5  | Received a gift from Okawaru
 44976 | Slime:5  | Killed the Royal Jelly
 45066 | Slime:5  | Got a slimy rune of Zot
 45087 | Slime:5  | Identified the +10 flail of the Wilderness {flame, rF+ rN++
                  | Will+}
 45092 | Slime:5  | Identified the +5 lajatang "WinterFox's Death" {heavy, Fly
                  | Str+4}
 45121 | Slime:5  | Identified the +0 plate armour of the Past {rElec rC+ Str-2
                  | Slay+2}
 45127 | Slime:5  | Got a resplendent book
 46090 | Depths:3 | Voluntarily entered the Abyss.
 46167 | Abyss:2  | Noticed an ancient lich
 46186 | Abyss:3  | Found an iron altar of Okawaru.
 46558 | Abyss:3  | Gained mutation: You sometimes lose your temper in combat.
                  | [a neqoxec]
 46577 | Abyss:4  | Found a corrupted altar of Lugonu.
 46626 | Abyss:4  | Found an ornate altar of the Wu Jian Council.
 46748 | Abyss:4  | Reached XP level 26. HP: 149/211 MP: 19/43
 46870 | Abyss:4  | Received a gift from Okawaru
 46912 | Abyss:4  | Found an ornate altar of the Wu Jian Council.
 47226 | Abyss:5  | Paralysed by accursed screaming for 2 turns
 47322 | Abyss:5  | Received a gift from Okawaru
 47384 | Abyss:5  | Reached skill level 15 in Translocations
 47468 | Abyss:5  | Found a corrupted altar of Lugonu.
 47500 | Abyss:5  | Paralysed by accursed screaming for 1 turns
 47594 | Abyss:5  | Got an abyssal rune of Zot
 47601 | Depths:3 | Escaped the Abyss
 47602 | Depths:3 | Lost mutation: You sometimes lose your temper in combat.
                  | [potion of mutation]
 47602 | Depths:3 | Gained mutation: You have a beak for a mouth. [potion of
                  | mutation]
 47602 | Depths:3 | Gained mutation: You are occasionally teleported next to
                  | monsters. [potion of mutation]
 47602 | Depths:3 | Gained mutation: Your magical capacity is low. (-10% MP)
                  | [potion of mutation]
 47602 | Depths:3 | Gained mutation: Your mind is acute. (Int +4, Str/Dex -1)
                  | [potion of mutation]
 47603 | Depths:3 | Lost mutation: You have a beak for a mouth. [potion of
                  | mutation]
 47603 | Depths:3 | Lost mutation: You are occasionally teleported next to
                  | monsters. [potion of mutation]
 47603 | Depths:3 | Lost mutation: Your mind is acute. (Int +4, Str/Dex -1)
                  | [potion of mutation]
 47603 | Depths:3 | Gained mutation: You sometimes lose your temper in combat.
                  | [potion of mutation]
 47603 | Depths:3 | Gained mutation: You expend magic power (3 MP) to
                  | strengthen your wands. [potion of mutation]
 47603 | Depths:3 | Gained mutation: You are partially covered in iridescent
                  | scales. (AC +2) [potion of mutation]
 47604 | Depths:3 | Lost mutation: Your magical capacity is low. (-10% MP)
                  | [potion of mutation]
 47604 | Depths:3 | Lost mutation: You sometimes lose your temper in combat.
                  | [potion of mutation]
 47604 | Depths:3 | Lost mutation: You are partially covered in iridescent
                  | scales. (AC +2) [potion of mutation]
 47604 | Depths:3 | Gained mutation: You have a pair of small horns on your
                  | head. [potion of mutation]
 47605 | Depths:3 | Lost mutation: You have a pair of small horns on your head.
                  | [potion of mutation]
 47605 | Depths:3 | Lost mutation: You expend magic power (3 MP) to strengthen
                  | your wands. [potion of mutation]
 47605 | Depths:3 | Gained mutation: You are strong-willed. (Will+) [potion of
                  | mutation]
 47605 | Depths:3 | Gained mutation: Your spells are a little harder to cast,
                  | but a little more powerful. [potion of mutation]
 47605 | Depths:3 | Gained mutation: Your mind is acute. (Int +4, Str/Dex -1)
                  | [potion of mutation]
 47861 | D:10     | Fell from the grace of Okawaru
 47861 | D:10     | Became a worshipper of Zin the Law-Giver
 47861 | D:10     | Reached * piety under Zin
 47861 | D:10     | Reached ** piety under Zin
 47928 | D:13     | Bought a manual of Fighting for 1280 gold pieces
 48133 | Temple   | Fell from the grace of Zin
 48133 | Temple   | Became a worshipper of the Shining One
 48133 | Temple   | Reached * piety under the Shining One
 48412 | Crypt:1  | Entered Level 1 of the Crypt
 48455 | Crypt:1  | Found a runed translucent door.
 48455 | Crypt:1  | Found a shimmering altar of Xom.
 48455 | Crypt:1  | Noticed Heot Zafel's ghost (veteran MiGl)
 48464 | Crypt:1  | Reached ** piety under the Shining One
 48493 | Crypt:1  | Killed Heot Zafel's ghost
 48570 | Crypt:1  | You fall into a shaft and drop 1 floor!
 48836 | Crypt:2  | Reached *** piety under the Shining One
 49050 | Crypt:1  | Reached **** piety under the Shining One
 49140 | Crypt:1  | Reached ***** piety under the Shining One
 49753 | Crypt:2  | Reached XP level 27. HP: 219/219 MP: 19/44
 49824 | Crypt:2  | Reached ****** piety under the Shining One
 49919 | Crypt:2  | Identified a +5 triple crossbow of holy wrath (a +3 triple
                  | crossbow of freezing blessed by the Shining One)
 49919 | Crypt:2  | Received a gift from the Shining One
 50148 | D:10     | Fell from the grace of the Shining One
 50148 | D:10     | Became a worshipper of Zin the Law-Giver
 50148 | D:10     | Reached *** piety under Zin
 50686 | Crypt:3  | Entered Level 3 of the Crypt
 50763 | Crypt:3  | Reached **** piety under Zin
 50878 | Crypt:3  | Noticed an ancient lich
 50885 | Crypt:3  | Killed an ancient lich
 50886 | Crypt:3  | Found an ancient bone altar of Kikubaaqudgha.
 50948 | Crypt:3  | Reached ***** piety under Zin
 50972 | Crypt:3  | Found the +7 great mace "Undeadhunter" {deathbane, rN+}
 51061 | Crypt:3  | Noticed Xtahua
 51068 | Crypt:3  | Killed Xtahua
 51230 | Crypt:3  | Reached ****** piety under Zin
 51279 | Crypt:3  | Identified the +0 leather armour of the Black Moon {rF+
                  | Will+ Regen+ Int+2}
 51557 | Crypt:3  | Found a staircase to the Tomb.
 52870 | Crypt:2  | Found an ancient bone altar of Kikubaaqudgha.
 53210 | Vaults:5 | Entered Level 5 of the Vaults
 53210 | Vaults:5 | Noticed Bai Suzhen
 53224 | Vaults:5 | Killed Bai Suzhen
 53254 | Vaults:5 | Killed an ancient lich
 53714 | Vaults:5 | Was forgiven by Okawaru
 53883 | Vaults:5 | Identified the +9 scimitar of the Elven Halls {venom,
                  | +Blink Fly rPois rF+}
 53888 | Vaults:5 | Identified the +1 leather armour of a ziggurat {Str+5}
 53933 | Vaults:5 | Identified the +6 long sword of Qikloef {freeze, Stlth+}
 53951 | Vaults:5 | Got a silver rune of Zot
 54199 | Vaults:5 | Noticed an ancient lich
 54218 | Vaults:5 | Killed an ancient lich
 54388 | Vaults:5 | Identified the ring "Fesoni" {rPois rC+ EV+5 Dex+3}
 54455 | Vaults:5 | Noticed an ancient lich
 54460 | Vaults:5 | Killed an ancient lich
 54608 | Vaults:5 | Acquired the +2 pair of slick slippers {slick, slippery,
                  | EV+4}
 54608 | Vaults:5 | Found the +2 pair of slick slippers {slick, slippery, EV+4}
 54623 | Vaults:5 | Identified the +0 short sword of Cicynlaq {vamp, +Blink}
 54656 | Vaults:5 | Identified the +0 crystal plate armour "Zeowom" {Stlth+}
 54803 | Vaults:5 | Found the +8 arc blade {discharge, rElec}
 55210 | Pan      | Entered the realm of Cerebov.
 55210 | Pan      | Entered Pandemonium
 55520 | Pan      | Identified the +1 robe of Rotini {Regen+}
 55522 | Pan      | Reached skill level 15 in Invocations
 55530 | Pan      | Found the +6 sword of Cerebov {flame}
 55530 | Pan      | Noticed Cerebov
 55561 | Pan      | Killed Cerebov
 55787 | Pan      | Identified the +4 long sword "Rusus" {venom, Int+4}
 55829 | Pan      | Identified the +1 mace of the Rat {freeze, +Blink Fly Will-
                  | Int+4}
 55850 | Pan      | Got a fiery rune of Zot
 56040 | Pan      | Noticed Saikier the pandemonium lord
 56049 | Pan      | Killed Saikier the pandemonium lord
 56485 | Pan      | Got a demonic rune of Zot
 56919 | Pan      | Entered the realm of Lom Lobon.
 57406 | Pan      | Noticed Lom Lobon
 57432 | Pan      | Killed Lom Lobon
 57556 | Pan      | Got a magical rune of Zot
 57897 | Pan      | Entered the realm of Mnoleg.
 57963 | Pan      | Paralysed by a floating eye for 3 turns
 58214 | Pan      | Noticed Mnoleg
 58222 | Pan      | Killed Mnoleg
 58274 | Pan      | Got a glowing rune of Zot
 58300 | Pan      | Identified the ring of Fioma {*Corrode rPois rC+ Int+4}
 58328 | Pan      | Identified the scarf of Qazlal's Regard {repulsion, Dex+3}
 58428 | Pan      | Found an exit through the horrors of the Abyss.
 58516 | Pan      | Noticed Leus the pandemonium lord
 58523 | Pan      | Killed Leus the pandemonium lord
 58706 | Pan      | Found an exit through the horrors of the Abyss.
 58749 | Pan      | Noticed Guol Popn the pandemonium lord
 58755 | Pan      | Killed Guol Popn the pandemonium lord
 58863 | Pan      | Noticed Nelyeham the pandemonium lord
 58871 | Pan      | Killed Nelyeham the pandemonium lord
 59247 | Pan      | Noticed Gezxa the pandemonium lord
 59252 | Pan      | Killed Gezxa the pandemonium lord
 59524 | Pan      | Identified the +3 leather armour of Egalitarianism {rF+
                  | Str+3}
 59546 | Pan      | Noticed Waz Dekk the pandemonium lord
 59552 | Pan      | Killed Waz Dekk the pandemonium lord
 59619 | Pan      | Found an exit through the horrors of the Abyss.
 59800 | Pan      | Noticed Remeblun the pandemonium lord
 59803 | Pan      | Killed Remeblun the pandemonium lord
 59860 | Pan      | Entered the realm of Gloorx Vloq.
 59997 | Pan      | Acquired the scarf "Yxajotz" {+Inv, rN++ Dex+2 Slay+3
                  | Stlth-}
 60091 | Pan      | Noticed Gloorx Vloq
 60098 | Pan      | Killed Gloorx Vloq
 60120 | Pan      | Got a dark rune of Zot
 60257 | Pan      | Found a huge runed translucent gate.
 60263 | Pan      | Found a huge runed translucent gate.
 60264 | Pan      | Found a huge runed translucent gate.
 60264 | Pan      | Found a huge runed translucent gate.
 60264 | Pan      | Found a huge runed translucent gate.
 60264 | Pan      | Found a huge runed translucent gate.
 60264 | Pan      | Found a huge runed translucent gate.
 60268 | Pan      | Noticed Tobone the pandemonium lord
 60281 | Pan      | Killed Tobone the pandemonium lord
 60299 | Depths:2 | Escaped Pandemonium
 60396 | Hell     | Entered the Vestibule of Hell
 60397 | Hell     | Noticed Geryon
 60405 | Hell     | Killed Geryon
 60430 | Hell     | Found a gateway to the freezing wastes of Cocytus.
 60446 | Coc:1    | Entered Level 1 of Cocytus
 60699 | Coc:7    | Entered Level 7 of Cocytus
 60735 | Coc:7    | Paralysed by a wendigo for 1 turns
 60912 | Coc:7    | Noticed the Serpent of Hell
 60923 | Coc:7    | Killed the Serpent of Hell
 60955 | Coc:7    | Noticed Antaeus
 60965 | Coc:7    | Killed Antaeus
 60975 | Coc:7    | Got an icy rune of Zot
 61000 | Coc:7    | Identified the +6 arbalest of the Changing Spider {heavy,
                  | Fly Dex+2 Stlth-}
 61001 | Coc:7    | Identified the ring "Tecs" {Drain Int+7 SInv}
 61395 | Hell     | Found a gateway to the Iron City of Dis.
 61403 | Dis:1    | Entered Level 1 of the Iron City of Dis
 61468 | Dis:2    | You fall into a shaft and drop 1 floor!
 61773 | Dis:5    | Found a burning altar of Makhleb.
 61817 | Dis:5    | HP: 1/238 [Hell Sentinel/iron shot (34)]
 62291 | Dis:7    | Entered Level 7 of the Iron City of Dis
 62665 | Dis:7    | Noticed a juggernaut
 62667 | Dis:7    | Noticed Dispater
 62674 | Dis:7    | Killed a juggernaut
 62686 | Dis:7    | Killed Dispater
 62707 | Dis:7    | Got an iron rune of Zot
 62710 | Dis:7    | Identified the staff "Brush" {rF+ MP+9 Fire}
 62984 | Hell     | Found a gateway to the ashen valley of Gehenna.
 62998 | Geh:1    | Entered Level 1 of Gehenna
 63300 | Geh:6    | Noticed an ancient lich
 63307 | Geh:6    | Killed an ancient lich
 63542 | Geh:7    | Entered Level 7 of Gehenna
 63934 | Geh:7    | Found the +13 sceptre of Asmodeus
 63934 | Geh:7    | Noticed Asmodeus
 63943 | Geh:7    | Killed Asmodeus
 63972 | Geh:7    | Got an obsidian rune of Zot
 64223 | Hell     | Found a gateway to the decaying netherworld of Tartarus.
 64233 | Tar:1    | Entered Level 1 of Tartarus
 64594 | Tar:4    | Noticed a dread lich
 64594 | Tar:4    | Noticed an ancient lich
 64594 | Tar:4    | Noticed a dread lich
 64594 | Tar:4    | Noticed a dread lich
 64594 | Tar:4    | Noticed a dread lich
 64600 | Hell     | Killed an ancient lich
 64762 | Hell     | Killed a dread lich
 64764 | Hell     | Killed a dread lich
 64771 | Hell     | Killed a dread lich
 64923 | Hell     | Killed a dread lich
 65123 | Tar:4    | Noticed a dread lich
 65129 | Tar:4    | Killed a dread lich
 65499 | Tar:7    | Entered Level 7 of Tartarus
 65514 | Tar:7    | Noticed a dread lich
 65516 | Tar:7    | Killed a dread lich
 65560 | Tar:7    | Noticed a dread lich
 65561 | Tar:7    | Killed a dread lich
 65675 | Tar:7    | Noticed Ereshkigal
 65689 | Tar:7    | Killed Ereshkigal
 65727 | Tar:7    | Got a bone rune of Zot
 66295 | Tomb:1   | Entered Level 1 of the Tomb of the Ancients
 66729 | Tomb:1   | Noticed a royal mummy
 66732 | Tomb:1   | Killed a royal mummy
 66971 | Tomb:1   | Noticed a royal mummy
 66974 | Tomb:1   | Killed a royal mummy
 67006 | Tomb:1   | Got a dog-eared book
 67048 | Tomb:2   | Noticed a royal mummy
 67048 | Tomb:2   | Noticed a royal mummy
 67048 | Tomb:2   | Noticed a royal mummy
 67048 | Tomb:2   | Noticed a royal mummy
 67053 | Tomb:2   | Killed a royal mummy
 67070 | Tomb:2   | Killed a royal mummy
 67078 | Tomb:2   | Killed a royal mummy
 67088 | Tomb:2   | Killed a royal mummy
 67375 | Tomb:1   | Noticed a royal mummy
 67375 | Tomb:1   | Noticed a royal mummy
 67383 | Tomb:1   | Killed a royal mummy
 67387 | Tomb:1   | Killed a royal mummy
 67451 | Tomb:1   | Noticed a royal mummy
 67457 | Tomb:1   | Killed a royal mummy
 67460 | Tomb:1   | Noticed a royal mummy
 67466 | Tomb:1   | Killed a royal mummy
 67493 | Tomb:1   | Noticed a royal mummy
 67498 | Tomb:1   | Killed a royal mummy
 67520 | Tomb:1   | Noticed a royal mummy
 67520 | Tomb:1   | Noticed a royal mummy
 67525 | Tomb:1   | Killed a royal mummy
 67532 | Tomb:1   | Killed a royal mummy
 67577 | Tomb:1   | Noticed a royal mummy
 67579 | Tomb:1   | Killed a royal mummy
 67634 | Tomb:1   | Noticed a royal mummy
 67641 | Tomb:1   | Killed a royal mummy
 67650 | Tomb:1   | Noticed a royal mummy
 67652 | Tomb:1   | Noticed a royal mummy
 67656 | Tomb:1   | Killed a royal mummy
 67660 | Tomb:1   | Killed a royal mummy
 67922 | Tomb:3   | Entered Level 3 of the Tomb of the Ancients
 67930 | Tomb:3   | Noticed a royal mummy
 67930 | Tomb:3   | Noticed a royal mummy
 67934 | Tomb:3   | Killed a royal mummy
 67938 | Tomb:3   | Killed a royal mummy
 67953 | Tomb:3   | Noticed a royal mummy
 67953 | Tomb:3   | Noticed a royal mummy
 67959 | Tomb:3   | Killed a royal mummy
 67961 | Tomb:3   | Killed a royal mummy
 67962 | Tomb:3   | Noticed a royal mummy
 67966 | Tomb:3   | Noticed a royal mummy
 67971 | Tomb:3   | Killed a royal mummy
 67978 | Tomb:3   | Killed a royal mummy
 68099 | Tomb:3   | Got a golden rune of Zot
 68167 | Tomb:3   | Noticed a royal mummy
 68170 | Tomb:3   | Killed a royal mummy
 68172 | Tomb:3   | Noticed a royal mummy
 68174 | Tomb:3   | Noticed a royal mummy
 68177 | Tomb:3   | Killed a royal mummy
 68182 | Tomb:3   | Killed a royal mummy
 68259 | Tomb:3   | Found the brooch of Shielding {Spirit SH+8}
 68283 | Tomb:3   | Identified the +2 leather armour of Card Tricks {Rampage
                  | rC+ rN+}
 68317 | Tomb:3   | Identified the staff of the Thing {rN+ rCorr Int+2 Necro}
 69008 | Zot:1    | Entered Level 1 of the Realm of Zot
 69383 | Zot:4    | Noticed an orb of fire
 69394 | Zot:4    | Killed an orb of fire
 69408 | Zot:4    | Reached skill level 27 in Invocations
 69479 | Zot:5    | Entered Level 5 of the Realm of Zot
 69718 | Zot:5    | Noticed a dread lich
 69723 | Zot:5    | Killed a dread lich
 69742 | Zot:5    | Noticed an orb of fire
 69759 | Zot:5    | Killed an orb of fire
 69809 | Zot:5    | Noticed an orb of fire
 69809 | Zot:5    | Noticed an ancient lich
 69811 | Zot:5    | Killed an ancient lich
 69816 | Zot:5    | Noticed an orb of fire
 69817 | Zot:5    | Killed an orb of fire
 69823 | Zot:5    | Noticed an orb of fire
 69826 | Zot:5    | Killed an orb of fire
 69834 | Zot:5    | Killed an orb of fire
 69910 | Zot:5    | Reached skill level 27 in Fighting
 69911 | Zot:5    | Noticed an orb of fire
 69925 | Zot:5    | Killed an orb of fire
 69927 | Zot:5    | Noticed an orb of fire
 69942 | Zot:5    | Noticed an orb of fire
 69943 | Zot:5    | Noticed an orb of fire
 69946 | Zot:5    | Killed an orb of fire
 69947 | Zot:5    | Killed an orb of fire
 69953 | Zot:5    | Killed an orb of fire
 69981 | Zot:5    | Noticed a dread lich
 69982 | Zot:5    | Killed a dread lich
 70066 | Zot:5    | Noticed Yvoaponk the pandemonium lord
 70066 | Zot:5    | Got the Orb of Zot
 70067 | Zot:5    | Killed Yvoaponk the pandemonium lord
 70174 | Zot:4    | Found the sphere of Battle
 70244 | Zot:2    | Noticed an orb of fire
 70253 | Zot:2    | Killed an orb of fire
 70421 | Zot:1    | Noticed an orb of fire
 70425 | Zot:1    | Killed an orb of fire
 70917 | D:1      | Noticed Wyur the pandemonium lord
 70917 | D:1      | Noticed an ancient lich
 70922 | D:1      | Killed Wyur the pandemonium lord
 70923 | D:1      | Reached skill level 27 in Ranged Weapons
 70927 | D:1      | Killed an ancient lich
 70943 | D:$      | Escaped with the Orb!

Illustrated notes

Levels and vault maps discovered:
D:1:      dpeg_arrival_rooms_with_view, layout_basic
D:2:      layout_basic
D:3:      layout_loops_ring, serial_shops, nicolae_shop_waterfront, shop, shop,
          uniq_robin
D:4:      layout_cave_pods, lemuel_doored_altar, amcnicky_altar_gilded,
          serial_forest, infiniplex_forest_clump_long,
          infiniplex_forest_clump_double, infiniplex_forest_clump_curved,
          infiniplex_forest_zigzag_1, infiniplex_forest_straight_3
D:5:      layout_basic, mainiacjoe_overflow_cross_hatched,
          lemuel_coloured_pillars_altar, minmay_shop_grid_forest, uniq_edmund
D:6:      layout_rooms, mainiacjoe_overflow_concentric_impassable,
          nicolae_uskayaw_suspiria, gammafunk_ghost_smash, uniq_maggie,
          uniq_grinder, uniq_eustachio
D:7:      layout_rooms, grunt_qazlal_sundering,
          nicolae_kikubaaqudgha_miasma_corner, minmay_temple_entry_waves,
          enter_bailey_2
D:8:      layout_loops_ring, slow_altar_1
D:9:      layout_rooms, erik_lair_island, uniq_pikel
D:10:     layout_basic, zin_academy, lemuel_round_altar,
          hangedman_abyss_or_decor_jellyfish_corner
D:11:     layout_basic, nicolae_inconvenience_store, grunt_decor_arrowhead,
          hive_lemuel, uniq_harold
D:12:     layout_loops_ring, david_orc_1_choice, ebering_ghost_disaster_area,
          serial_glass, glass_columns_a, glass_columns_a,
          minmay_strange_pillars, item_on_display_a, item_on_display_a,
          st_stairs_10, ashenzari_conservatory_becter
D:13:     layout_cross, nicolae_shop_self_help, uniq_rupert, uniq_josephine,
          uniq_maurice
D:14:     layout_loops_cross, ximxim_vaults_locker_room,
          grunt_decor_mini_mirrors
D:15:     grunt_enter_depths_magical_seal, layout_loops_ring,
          roderic_serpentine_path, corexii_leaking_fountain, minmay_crystal_box
Temple:   hellmonk_temple_divided_pantheon
Lair:1:   layout_hall_layers
Lair:2:   beast_lair_carwin_large_4, layout_regular_city, swamp_mist,
          minmay_snake_entry_guardpost_small, gammafunk_ghost_arena,
          fungi_pond_lemuel, grunt_forest_small_clearings
Lair:3:   layout_cave_pods, serial_bayou, serial_bayou_pond_c,
          serial_bayou_pond_a, serial_bayou_pond_a, serial_bayou_pond_d,
          serial_bayou_lake_a, serial_bayou_pond_e, disabler_island
Lair:4:   layout_long_grid, nicolae_slime_entry_field_trip,
          gauntlet_entry_generic, nicolae_lair_lil_pond, serial_bayou_lagoon_a,
          minivault_26
Lair:5:   grunt_lair_end_beastmaster, layout_gridlike, basic_altar
Swamp:1:  nicolae_swamp_ascending_descending_big, layout_basic_swamp,
          ebering_ghost_rock_garden, evilmike_swamp_ruin_house_3
Swamp:2:  layout_basic_swamp, evilmike_swamp_ruin_house_2, hangedman_swamp_pad,
          swamp_pool2
Swamp:3:  layout_basic_swamp, nicolae_swamp_ascending_descending, swamp_pool1,
          uniq_kirke
Swamp:4:  swamp_vile, layout_basic_swamp, swamp_pool5
Snake:1:  cheibrodos_forgotten_conduit, layout_misc_corridors,
          gammafunk_ghost_arena, grunt_ministairs_2, hangedman_venom_bottle,
          uniq_jorgrun
Snake:2:  nicolae_snake_unarmed_stairs_patrol, layout_onion_interference,
          basic_altar, hangedman_snake_sidewinding
Snake:3:  layout_layer_cave, uniq_vashnia
Snake:4:  hellmonk_snake_rune_quicksilver_temple, layout_misc_corridors,
          nicolae_snake_single_loop, nicolae_twisty_statue_hallways,
          grunt_megastairs_2
Slime:1:  layout_caves, nicolae_slime_getting_an_eyeful
Slime:2:  layout_caves
Slime:3:  layout_caves, nicolae_slime_phagocytosis
Slime:4:  layout_caves, basic_altar
Slime:5:  slime_pit_nicolae_trefoil
Orc:1:    layout_caves
Orc:2:    st_orc_open, layout_caves
Elf:1:    minmay_elf_arrival_plus, layout_geoelf_diagonals, serial_shops, shop,
          serial_glass, glass_columns_a, glass_columns_a,
          hangedman_elf_represent, uniq_frances, uniq_agnes
Elf:2:    elven_hall_of_blades_hangedman_alternative
          [nicolae_blade_entry_area_security], layout_gridlike, serial_shops,
          nicolae_shop_hallway_plus, shop, nicolae_shop_peninsula,
          nicolae_shop_just_a_little_nook, shop, minmay_shop_star
Elf:3:    grunt_elf_hall_asides, layout_loops_cross,
          portal_ice_cave_entry_pillars_four, uniq_zenata
Vaults:1: portal_desolation_entry_nicolae_slug, ontoclasm_vaults_twist,
          nicolae_vaults_security_offices_2, hangedman_vaults_stream,
          vaults_room_octagon, v_misc_25, v_misc_30, ontoclasm_vaults_chip,
          nicolae_vaults_storage_closets_1,
          vaults_room_grunt_arrival_checkpoint,
          nicolae_vaults_storage_room_statues, layout_vaults_omnigrid,
          serial_shops, shop, shop, shop, nicolae_lakefront_shop,
          nicolae_shop_just_a_little_nook
Vaults:2: nicolae_vaults_network_barrier, nicolae_vaults_twisting_passages,
          nicolae_vaults_weapon_check, ontoclasm_vaults_misaligned,
          nicolae_vaults_steering_wheel, v_misc_28, v_misc_31,
          ontoclasm_vaults_bender, nicolae_vaults_house_1,
          nicolae_vaults_little_squares_6, nicolae_vaults_trapezoid_2,
          layout_vaults_ring, serial_shops, shop, uniq_sojobo
Vaults:3: v_misc_18, v_pattern_5, nicolae_vaults_asterisk, v_alt_pattern_1,
          nicolae_vaults_shrinking_rooms_1, ontoclasm_vaults_loading_screen,
          v_rooms_4, grunt_vaults_funnel, vaults_mumra_minichess,
          minmay_crypt_entry_nasty_monster, nicolae_vaults_little_squares_6,
          nicolae_vaults_little_squares_4, nicolae_vaults_trapezoid_4,
          layout_vaults_chaotic_city
Vaults:4: hangedman_vaults_maws, nicolae_vaults_variable_pillar_hall_cross,
          nicolae_vaults_diamond_1, v_misc_12, vaults_room_door_hall,
          ontoclasm_vaults_loading_screen, vaults_room_door_hall,
          v_alt_pattern_4, nicolae_vaults_octothorpe,
          nicolae_vaults_tetromino_Z_2, ontoclasm_vaults_hangar,
          ontoclasm_vaults_ligature, v_rooms_2, nicolae_vaults_yaktaur_gun_rack,
          layout_vaults_omnicross
Vaults:5: uniq_bai_suzhen
Crypt:1:  layout_basic, ebering_ghost_xom, st_stairs_1, minivault_25
Crypt:2:  layout_gridlike, grunt_megastairs_5, lemuel_upstairs_altar
Crypt:3:  cryptofortress_bobbens, uniq_xtahua
Tomb:1
Tomb:2
Tomb:3
Depths:1: layout_basic, nicolae_hitomezashi [nicolae_hito_row, nicolae_hito_row,
          nicolae_hito_row, nicolae_hito_row, nicolae_hito_row,
          nicolae_hito_row, nicolae_hito_row, nicolae_hito_row,
          nicolae_hito_row, nicolae_hito_row, nicolae_hito_row,
          nicolae_hito_row, nicolae_hito_row, nicolae_hito_row,
          nicolae_hito_row, nicolae_hito_row, nicolae_hito_row,
          nicolae_hito_row], serial_shops, nicolae_shop_gaudy_bauble,
          grunt_hell_horde, bh_walls_and_bars
Depths:2: nzn_winding_woodlands_large [nzn_winding_woodlands_5x5_default,
          nzn_winding_woodlands_5x15_cabin, nzn_winding_woodlands_hourglass,
          nzn_winding_woodlands_center_pierced_h,
          nzn_winding_woodlands_15x15_killbox,
          nzn_winding_woodlands_center_garden,
          nzn_winding_woodlands_5x5_checkerboard,
          nzn_winding_woodlands_5x15_crooked,
          nzn_winding_woodlands_5x5_open_star], layout_honeycomb,
          rand_demon_pan_entry_4, hellmouth_1, fedhas_altar_3,
          nicolae_gozag_seed_capital
Depths:3: hellmonk_destroyed_diamonds, layout_basic, enter_ziggurat_d,
          minmay_room_of_horrors, hell_entry, firewood_loft
Depths:4: grunt_crosshair, layout_cave_pools, rand_demon_pan_entry_8,
          nicolae_wu_jian_immortal_techniques, abyss_entry_glasseish,
          pf_coc_iceberg
Hell
Dis:1:    layout_overlapping_boxes
Dis:2:    layout_gridville
Dis:3:    layout_jigsaw, minmay_strange_pillars, nicolae_dis_scattering
Dis:4:    layout_subdivisions
Dis:5:    kennysheep_iron_temple, layout_regular_city, minmay_strange_pillars
Dis:6:    layout_subdivisions, nicolae_dis_emergency_hatch
Dis:7:    dis_st
Geh:1:    layout_gehenna_pools_triple, gehenna_fire_generator,
          nicolae_hells_seeping_fissure
Geh:2:    layout_gehenna_lava_caves
Geh:3:    layout_gehenna_lava_caves
Geh:4:    layout_gehenna_lava_caves
Geh:5:    layout_gehenna_pools_box, nicolae_geh_lava_rosette
Geh:6:    layout_gehenna_lava_caves
Geh:7:    evilmike_geh
Coc:1:    layout_cocytus_delve
Coc:2:    layout_cocytus_delve
Coc:3:    layout_cocytus_water_paths
Coc:4:    layout_cocytus_delve
Coc:5:    layout_cocytus_water_paths
Coc:6:    layout_cocytus_water_paths
Coc:7:    coc_old
Tar:1:    layout_grid_maze
Tar:2:    layout_catacombs
Tar:3:    layout_grid_maze, nicolae_tar_cuneiform_heaven,
          nicolae_tar_just_some_guys
Tar:4:    layout_grid_maze, nicolae_tar_cuneiform_two,
          nicolae_tar_liches_on_tour
Tar:5:    layout_grid_maze
Tar:6:    layout_catacombs
Tar:7:    tar_old
Zot:1:    cheibrodos_zot_enchanting_chambers, layout_gridlike,
          lemuel_flame_loot_1
Zot:2:    layout_cathedral_of_symmetry, ebering_ghost_gozag, zot_minivault_1,
          uniq_josephina
Zot:3:    layout_gridlike, grunt_megastairs_4
Zot:4:    layout_misc_corridors, gammafunk_ghost_berserking_beasts
Zot:5:    layout_basic

Skill      XL: |  1  2  3  4  5  6  7  8  9 10 11 12 13 14 15 16 17 18 19 20 21 22 23 24 25 26 27 |
---------------+----------------------------------------------------------------------------------+-----
Ranged Weapons | 3 4 5 6 7 8 9 12 15 16 17 18 19 20 21 22 23 24 27 | 27.0
Spellcasting   | 2 3 4 5 6 7 9 10 11 12 13 14 16 17 21 | 21.0
Invocations    | 1 3 5 6 7 8 9 11 13 27 | 27.0
Hexes          | 5 7 8 9 10 11 12 13 15 16 17 24 | 24.0
Armour         | 3 5 7 8 10 11 13 14 15 25 | 25.2
Evocations     | 2 4 5 6 8 9 10 | 10.0
Stealth        | 2 3 4 5 |  5.0
Fighting       | 3 5 7 9 12 14 15 16 18 27 | 27.0
Dodging        | 3 5 7 8 9 10 12 13 15 16 17 18 19 20 24 | 24.5
Translocations | 3 5 6 8 9 10 12 14 15 24 | 24.0
Fire Magic     | 3 |  3.0
Transmutations | 3 6 8 10 | 10.0

Action                     |  1- 3 |  4- 6 |  7- 9 | 10-12 | 13-15 | 16-18 | 19-21 | 22-24 | 25-27 || total
---------------------------+-------+-------+-------+-------+-------+-------+-------+-------+-------++-------
  Melee: Sling             |       |     1 |       |       |       |       |       |       |       ||     1
   Fire: Sling             |   130 |   177 |   237 |   135 |       |       |       |       |       ||   679
         Orcbow            |       |       |       |   442 |    97 |       |       |       |       ||   539
         Arbalest          |       |       |       |       |   590 |       |       |       |       ||   590
         Longbow           |       |       |       |       |   261 |   738 |  1337 |  1657 |  2456 ||  6449
         Triple crossbow   |       |       |       |       |       |       |       |       |  3316 ||  3316
   Cast: Jinxbite          |       |     3 |    12 |    10 |     4 |       |       |       |       ||    29
         Inner Flame       |       |       |       |       |    32 |     5 |    18 |     7 |     4 ||    66
         Dimensional Bulls |       |       |       |       |     1 |     8 |    15 |     1 |    96 ||   121
         Volatile Blastmot |       |       |       |       |     1 |       |       |     1 |     3 ||     5
         Yara's Violent Un |       |       |       |       |       |       |       |     2 |       ||     2
         Cause Fear        |       |       |       |       |       |       |       |     1 |       ||     1
         Enfeeble          |       |       |       |       |       |       |       |       |    11 ||    11
         Discord           |       |       |       |       |       |       |       |       |    24 ||    24
         Disjunction       |       |       |       |       |       |       |       |       |     4 ||     4
         Apportation       |       |       |       |       |       |       |       |       |     2 ||     2
 Invoke: Heroism           |       |       |     2 |     7 |    18 |     5 |     9 |     4 |     3 ||    48
         Finesse           |       |       |       |       |       |       |       |       |     1 ||     1
         Vitalisation      |       |       |       |       |       |       |       |       |    36 ||    36
         Recite            |       |       |       |       |       |       |       |       |    22 ||    22
         Sanctuary         |       |       |       |       |       |       |       |       |     1 ||     1
         Divine Shield     |       |       |       |       |       |       |       |       |     1 ||     1
         Brand Weapon With |       |       |       |       |       |       |       |       |     1 ||     1
Ability: Hop               |       |     3 |       |     8 |    11 |     2 |     5 |     7 |    47 ||    83
  Evoke: Wand              |       |       |       |       |     3 |       |       |     2 |     1 ||     6
    Use: Potion            |     1 |     1 |       |     1 |     3 |     1 |       |       |    23 ||    30
         Scroll            |       |       |     4 |    13 |    15 |     3 |     4 |     7 |    34 ||    80
 Armour: Robe              |    22 |    51 |    61 |    39 |       |       |       |       |       ||   173
         Troll leather arm |       |       |       |    85 |   186 |   164 |   299 |   295 |  1537 ||  2566
         Steam dragon scal |       |       |       |    13 |       |       |       |       |       ||    13
         Quicksilver drago |       |       |       |       |   122 |       |       |       |       ||   122
  Dodge: Dodged            |    40 |    37 |    65 |   237 |   503 |   232 |   518 |   706 |  4189 ||  6527
  Block: Other             |       |       |       |       |       |       |       |       |     8 ||     8

Table legend: (Time is in decaauts)
 A = Elapsed time spent in this place.
 B = Non-inter-level travel time spent in this place.
 C = Inter-level travel time spent in this place.
 D = Time resting spent in this place.
 E = Time spent auto-exploring this place.
 F = Levels seen in this place.
 G = Mean time per level.
                   A        B        C        D        E       F      G
               +--------+--------+--------+--------+--------+-----+--------+
         Total |  79059 |  65829 |  13230 |   2319 |  44792 | 116 |  681.5 |
       Dungeon |  19856 |  14901 |   4955 |    303 |  12225 |  15 | 1323.7 |
        Temple |     73 |     42 |     31 |      0 |      0 |   1 |   73.0 |
          Lair |   6669 |   5695 |    974 |    305 |   4012 |   5 | 1333.8 |
         Swamp |   2770 |   2596 |    174 |    100 |   1927 |   4 |  692.5 |
     Snake Pit |   5079 |   4533 |    546 |    173 |   3554 |   4 | 1269.8 |
    Slime Pits |   1258 |   1119 |    139 |    148 |    600 |   5 |  251.6 |
  Orcish Mines |   1788 |   1521 |    267 |     68 |   1153 |   2 |  894.0 |
   Elven Halls |   3223 |   2991 |    232 |     72 |   2362 |   3 | 1074.3 |
        Vaults |   8731 |   7072 |   1659 |    140 |   5497 |   5 | 1746.2 |
         Crypt |   3739 |   3077 |    662 |     70 |   2210 |   3 | 1246.3 |
          Tomb |   2635 |   2195 |    440 |    184 |   1201 |   3 |  878.3 |
        Depths |   5497 |   3857 |   1640 |     26 |   2910 |   4 | 1374.2 |
          Hell |    751 |    634 |    117 |    300 |      0 |   1 |  751.0 |
           Dis |   1599 |   1333 |    266 |     83 |     35 |   7 |  228.4 |
       Gehenna |   1224 |    901 |    323 |     43 |    300 |   7 |  174.9 |
       Cocytus |    934 |    799 |    135 |      0 |      0 |   7 |  133.4 |
      Tartarus |   1569 |   1112 |    457 |     32 |    569 |   7 |  224.1 |
           Zot |   1599 |   1394 |    205 |     73 |    469 |   5 |  319.8 |
         Abyss |   1435 |   1435 |      0 |      0 |    614 |   5 |  287.0 |
   Pandemonium |   5850 |   5850 |      0 |     92 |   3496 |  19 |  307.9 |
        Bailey |    640 |    640 |      0 |     55 |    444 |   1 |  640.0 |
      Ice Cave |    831 |    831 |      0 |      0 |    572 |   1 |  831.0 |
    Desolation |    845 |    845 |      0 |     49 |    403 |   1 |  845.0 |
      Gauntlet |    451 |    451 |      0 |      0 |    230 |   1 |  451.0 |
               +--------+--------+--------+--------+--------+-----+--------+

Top non-repeatable levels by time:
    D:14: 2049 daAuts
Vaults:1: 1973 daAuts
Depths:2: 1957 daAuts
    D:15: 1928 daAuts
    D:10: 1906 daAuts
Vaults:3: 1905 daAuts
    D:12: 1887 daAuts
Vaults:5: 1781 daAuts
    D:11: 1621 daAuts
Vaults:4: 1577 daAuts
 Snake:3: 1520 daAuts
Vaults:2: 1493 daAuts
  Lair:2: 1480 daAuts
  Tomb:1: 1466 daAuts
 Crypt:3: 1459 daAuts
